Workbook
Name _1Excel_BuiltIn_Print_Area_1_1_1: 'Прил 3'!$A$1:$C$32
Name _2Excel_BuiltIn_Print_Area_7_1_1: #REF!
Name _2Excel_BuiltIn_Print_Area_7_1_1: #REF!
Name _Toc105952698: 'Прил 4 '!$A$3
Name _Toc105952698: #REF!
Name Excel_BuiltIn_Print_Area_1: 'Прил 3'!$A$1:$C$32
Name Excel_BuiltIn_Print_Area_1_1: 'Прил 3'!$A$1:$C$32
Name Excel_BuiltIn_Print_Area_2: #REF!
Name Excel_BuiltIn_Print_Area_2: #REF!
Name Excel_BuiltIn_Print_Area_3: 'Прил 1'!$A$1:$C$32
Name Excel_BuiltIn_Print_Area_3_1: #REF!
Name Excel_BuiltIn_Print_Area_3_1: #REF!
Name Excel_BuiltIn_Print_Area_4: #REF!
Name Excel_BuiltIn_Print_Area_4: #REF!
Name Excel_BuiltIn_Print_Area_5: 'Прил 4 '!$A$1:$I$47
Name Excel_BuiltIn_Print_Area_5: #REF!
Name Excel_BuiltIn_Print_Area_5_1: 'Прил 4 '!$A$1:$I$47
Name Excel_BuiltIn_Print_Area_5_1: #REF!
Name Excel_BuiltIn_Print_Area_6: 'Прил 5'!$A$1:$G$51
Name Excel_BuiltIn_Print_Area_6_1: 'Прил 5'!$A$1:$G$51
Name Excel_BuiltIn_Print_Area_7: #REF!
Name Excel_BuiltIn_Print_Area_7: #REF!
Name Excel_BuiltIn_Print_Area_7_1: #REF!
Name Excel_BuiltIn_Print_Area_7_1: #REF!

Sheet Прил 1
C1: Приложение 1
A3: ПЕРЕЧЕНЬ АДМИНИСТРАТОРОВ ДОХОДОВ БЮДЖЕТА АДАШЕВСКОГО СЕЛЬСКОГО ПОСЕЛЕНИЯ КАДОШКИНСКОГО МУНИЦИПАЛЬНОГО РАЙОНА РЕСПУБЛИКИ МОРДОВИЯ
A5: Код бюджетной классификации Российской Федерации | C5: Наименование доходов бюджета
A6: админи- стратора доходов | B6: доходов бюджета
A7: 1 | B7: 2 | C7: 3
A9: 910 | B9: Администрация Адашевского сельского поселения Кадошкинского муниципального района Республики Мордовия
A11: 910 | B11: 1 08 04020 01 1000 110 | C11: Государственная пошлина за совершение нотариальных действий должностными лицами органов местного самоуправления, уполномоченными в соответствии с законодательными актами Российской Федерации на совершение нотариальных действий
A12: 910 | B12: 1 08 04020 01 4000 110 | C12: Государственная пошлина за совершение нотариальных действий должностными лицами органов местного самоуправления, уполномоченными в соответствии с законодательными актами Российской Федерации на совершение нотариальных действий (прочие поступления)
A13: 910 | B13: 1 11 02033 10 0000 120 | C13: Доходы от размещения временно свободных средств бюджетов сельских поселений
A14: 910 | B14: 1 11 05035 10 0000 120 | C14: Доходы от сдачи в аренду имущества, находящегося в оперативном управлении органов управления сельских поселений и созданных ими учреждений (за исключением имущества муниципальных бюджетных и автономных учреждений)
A15: 910 | B15: 1 11 09045 10 0000 120 | C15: Прочие поступления от использования имущества, находящегося в собственности сельских поселений (за исключением имущества муниципальных бюджетных и автономных учреждений, а также имущества муниципальных унитарных предприятий, в том числе казенных)
A16: 910 | B16: 1 13 01995 10 0000 130 | C16: Прочие доходы от оказания платных услуг (работ) получателями средств бюджетов сельских поселений
A17: 910 | B17: 1 13 02995 10 0000 130 | C17: Прочие доходы от компенсации затрат бюджетов сельских поселений
A18: 910 | B18: 1 14 02052 10 0000 410 | C18: Доходы от реализации имущества, находящегося в оперативном управлении учреждений, находящихся в ведении органов управления сельских поселений (за исключением имущества муниципальных бюджетных и автономных учреждений), в части реализации основных средств по указанному имуществу
A19: 910 | B19: 1 14 02052 10 0000 440 | C19: Доходы от реализации имущества, находящегося в оперативном управлении учреждений, находящихся в ведении органов управления сельских поселений (за исключением имущества муниципальных бюджетных и автономных учреждений), в части реализации материальных запасов по указанному имуществу
A20: 910 | B20: 1 14 02053 10 0000 410 | C20: Доходы от реализации иного имущества, находящегося в собственности сельских поселений (за исключением имущества муниципальных бюджетных и автономных учреждений, а также имущества муниципальных унитарных предприятий, в том числе казенных), в части реализации основных средств по указанному имуществу
A21: 910 | B21: 1 14 02053 10 0000 440 | C21: Доходы от реализации иного имущества, находящегося в собственности сельских поселений (за исключением имущества муниципальных бюджетных и автономных учреждений, а также имущества муниципальных унитарных предприятий, в том числе казенных), в части реализации материальных запасов по указанному имуществу
A22: 910 | B22: 1 14 06025 10 0000 430 | C22: Доходы от продажи земельных участков, находящихся в собственности сельских поселений (за исключением земельных участков муниципальных бюджетных и автономных учреждений)
... A37: 910 | B37: 2 08 05000 10 0000 150 | C37: Перечисления из бюджетов сельских поселений (в бюджеты поселений) для осуществления возврата (зачета) излишне уплаченных или излишне взысканных сумм налогов, сборов и иных платежей, а также сумм процентов за несвоевременное осуществление такого возврата и процентов, начисленных на излишне взысканные суммы

Sheet Прил 2
C1: Приложение 2
A3: ПЕРЕЧЕНЬ ГЛАВНЫХ АДМИНИСТРАТОРОВ ИСТОЧНИКОВ ФИНАНСИРОВАНИЯ ДЕФИЦИТА БЮДЖЕТА АДАШЕВСКОГО СЕЛЬСКОГО ПОСЕЛЕНИЯ КАДОШКИНСКОГО МУНИЦИПАЛЬНОГО РАЙОНА РЕСПУБЛИКИ МОРДОВИЯ
A6: Код бюджетной классификации Российской Федерации | C6: Наименование главного администратора источника финансирования бюджета
A7: админи- стратора | B7: источников внутреннего финансирования дефицита бюджета
A8: 1 | B8: 2 | C8: 3
A9: 910 | C9: Администрация Адашевского сельского поселения Кадошкинского муниципального района
A10: 910 | B10: 01 02 00 00 10 0000 710 | C10: Получение кредитов от других бюджетов бюджетной системы Российской Федерации бюджетами сельских поселений в валюте Российской Федерации
A11: 910 | B11: 01 03 01 00 10 0000 810 | C11: Погашение бюджетами сельских поселений кредитов от других бюджетов бюджетной системы Российской Федерации в валюте Российской Федерации

Sheet Прил 3
D1: Приложение 3
A3: ДОХОДЫ БЮДЖЕТА АДАШЕВСКОГО СЕЛЬСКОГО ПОСЕЛЕНИЯ КАДОШКИНСКОГО МУНИЦИПАЛЬНОГО РАЙОНА РЕСПУБЛИКИ МОРДОВИЯ
C5: (тыс.рублей)
A6: Код бюджетной классификации доходов бюджета | B6: Наименование доходов | C6: Сумма
C7: 2020 год | D7: 2021 год | E7: 2022 год
A8: 1 | B8: 2 | C8: 3 | D8: 4 | E8: 5
B9: ВСЕГО ДОХОДОВ | C9: =SUM(C10+C25) -> 772.9 | D9: =SUM(D10+D25) -> 817.7 | E9: =SUM(E10+E25) -> 768.2
A10: 00010000000000000000 | B10: НАЛОГОВЫЕ И НЕНАЛОГОВЫЕ ДОХОДЫ | C10: =SUM(C11+C14+C16+C18+C21+C23) -> 467.1 | D10: =SUM(D11+D14+D16+D18+D21+D23) -> 463.6 | E10: =SUM(E11+E14+E16+E18+E21+E23) -> 465.1
A11: 00010100000000000000 | B11: НАЛОГИ НА ПРИБЫЛЬ, ДОХОДЫ | C11: =SUM(C12) -> 16.6 | D11: =SUM(D12) -> 17.3 | E11: =SUM(E12) -> 18
A12: 00010102000010000110 | B12: Налог на доходы физических лиц | C12: =SUM(C13) -> 16.6 | D12: =SUM(D13) -> 17.3 | E12: =SUM(E13) -> 18
A13: 18210102010010000110 | B13: Налог на доходы физических лиц с доходов, источником которых является налоговый агент, за исключением доходов, в отношении которых исчисление и уплата налога осуществляются в соответствии со статьями 227, 2271 и 228 Налогового кодекса Российской Федерации | C13: 16.6 | D13: 17.3 | E13: 18
A14: 00010500000000000000 | B14: НАЛОГИ НА СОВОКУПНЫЙ ДОХОД | C14: =SUM(C15) -> 28.3 | D14: =SUM(D15) -> 28.4 | E14: =SUM(E15) -> 28.5
A15: 18210503010010000110 | B15: Единый сельскохозяйственный налог | C15: 28.3 | D15: 28.4 | E15: 28.5
A16: 00010600000000000000 | B16: НАЛОГИ НА ИМУЩЕСТВО | C16: =SUM(C17) -> 55 | D16: =SUM(D17) -> 50 | E16: =SUM(E17) -> 50
A17: 18210601030100000110 | B17: Налог на имущество физических лиц, взимаемый по ставкам, применяемым к объектам налогообложения, расположенным в границах сельских поселений | C17: 55 | D17: 50 | E17: 50
A18: 00010606000000000110 | B18: Земельный налог | C18: =SUM(C19+C20) -> 350 | D18: =SUM(D19+D20) -> 350 | E18: =SUM(E19+E20) -> 350
A19: 18210606033100000110 | B19: Земельный налог с организаций, обладающих земельным участком, расположенным в границах сельских поселений | C19: 88 | D19: 88 | E19: 88
A20: 18210606043100000110 | B20: Земельный налог с физических лиц, обладающих земельным участком, расположенным в границах сельских поселений | C20: 262 | D20: 262 | E20: 262
A21: 00011100000000000000 | B21: ДОХОДЫ ОТ ИСПОЛЬЗОВАНИЯ ИМУЩЕСТВА, НАХОДЯЩЕГОСЯ В ГОСУДАРСТВЕННОЙ И МУНИЦИПАЛЬНОЙ СОБСТВЕННОСТИ | C21: =SUM(C22) -> 17.2 | D21: =SUM(D22) -> 17.9 | E21: =SUM(E22) -> 18.6
A22: 91011105035100000120 | B22: Доходы, получаемые в виде арендной платы, а также средства от продажи права на заключение договоров аренды за земли, находящиеся в собственности сельских поселений (за исключением земельных участков муниципальных бюджетных и автономных учреждений) | C22: 17.2 | D22: 17.9 | E22: 18.6
A23: 00011400000000000000 | B23: ДОХОДЫ ОТ ПРОДАЖИ МАТЕРИАЛЬНЫХ И НЕМАТЕРИАЛЬНЫХ АКТИВОВ | C23: =SUM(C24) -> 0 | D23: =SUM(D24) -> 0 | E23: =SUM(E24) -> 0
A24: 91011406025100000430 | B24: Доходы от продажи земельных участков, находящихся в собственности сельских поселений (за исключением земельных участков муниципальных бюджетных и автономных учреждений) | C24: 0 | D24: 0 | E24: 0
A25: 00020200000000000000 | B25: БЕЗВОЗМЕЗДНЫЕ ПОСТУПЛЕНИЯ ОТ ДРУГИХ БЮДЖЕТОВ БЮДЖЕТНОЙ СИСТЕМЫ РОССИЙСКОЙ ФЕДЕРАЦИИ | C25: =SUM(C28+C31+C26) -> 305.8 | D25: =SUM(D28+D31+D26) -> 354.1 | E25: =SUM(E28+E31) -> 303.1
A26: 00020210000000000150 | B26: Дотации бюджетам бюджетной системы Российской Федерации | C26: =C27 -> 30.3 | D26: =D27 -> 56.5 | E26: =E27 -> 0
A27: 91020215001100000150 | B27: Дотации бюджетам сельских поселений на выравнивание бюджетной обеспеченности | C27: 30.3 | D27: 56.5 | E27: 0
A28: 00020230000000000150 | B28: Субвенции бюджетам бюджетной системы Российской Федерации | C28: =SUM(C29+C30) -> 78.8 | D28: =SUM(D29+D30) -> 78.9 | E28: =SUM(E29+E30) -> 80.7
A29: 91020230024100000150 | B29: Субвенции на осуществление государственных полномочий Республики Мордовия по определению перечня должностных лиц, уполномоченных составлять протоколы об административных правонарушениях, предусмотренных Законом Республики Мордовия от 15 июня 2015 года № 38-З "Об административной ответственности на территории Республики Мордовия" | C29: 0.1 | D29: 0.1 | E29: 0.1
A30: 91020235118100000150 | B30: Субвенции бюджетам сельских поселений на осуществление первичного воинского учета на территориях, где отсутствуют военные комиссариаты | C30: 78.7 | D30: 78.8 | E30: 80.6
A31: 00020240000000000150 | B31: Иные межбюджетные трансферты | C31: =SUM(C32) -> 196.7 | D31: =SUM(D32) -> 218.7 | E31: =SUM(E32) -> 222.4
A32: 91020240014100000150 | B32: Межбюджетные трансферты, передаваемые бюджетам сельских поселений из бюджетов муниципальных районов на осуществление части полномочий по решению вопросов местного значения в соответствии с заключенными соглашениями | C32: 196.7 | D32: 218.7 | E32: 222.4

Sheet Прил 4 
I1: Приложение 4
A3: РАСПРЕДЕЛЕНИЕ БЮДЖЕТНЫХ АССИГНОВАНИЙ БЮДЖЕТА АДАШЕВСКОГО СЕЛЬСКОГО ПОСЕЛЕНИЯ КАДОШКИНСКОГО МУНИЦИПАЛЬНОГО РАЙОНА РЕСПУБЛИКИ МОРДОВИЯ ПО РАЗДЕЛАМ, ПОДРАЗДЕЛАМ, ЦЕЛЕВЫМ СТАТЬЯМ (ГОСУДАРСТВЕННЫМ ПРОГРАММАМ И НЕПРОГРАММНЫМ НАПРАВЛЕНИЯМ ДЕЯТЕЛЬНОСТИ), ГРУППАМ (ГРУППАМ И ПОДГРУППАМ) ВИДОВ РАСХОДОВ КЛАССИФИКАЦИИ РАСХОДОВ БЮДЖЕТОВ НА 2020 ГОД И НА ПЛАНОВЫЙ ПЕРИОД 2021 И 2022 ГОДОВ
A5: Наименование | B5: Рз | C5: ПР | D5: ЦСР | H5: ВР | I5: Сумма (тыс. рублей)
I6: 2020 год | J6: 2021 год | K6: 2022 год
A7: 1 | B7: 2 | C7: 3 | D7: 4 | E7: 5 | F7: 6 | G7: 7 | H7: 8 | I7: 9 | J7: 10 | K7: 11
A8: ВСЕГО | I8: =I9+I54+I63+I70+I86+I93 -> 772.863 | J8: =J9+J54+J63+J70+J86+J93 -> 817.713 | K8: =K9+K54+K63+K70+K86+K93 -> 768.181
A9: Общегосударственные вопросы | B9: 01 | I9: =I10+I16+I35 -> 373.763 | J9: =J10+J16+J35 -> 387.313 | K9: =K10+K16+K35 -> 344.381
A10: Функционирование высшего должностного лица субъекта Российской Федерации и муниципального образования | B10: 01 | C10: 02 | I10: =I11 -> 100 | J10: =J11 -> 146.3 | K10: =K11 -> 115.7
A11: Обеспечение деятельности администрации | B11: 01 | C11: 02 | D11: 65 | I11: =I12 -> 100 | J11: =J12 -> 146.3 | K11: =K12 -> 115.7
A12: Высшее должностное лицо | B12: 01 | C12: 02 | D12: 65 | E12: 1 | I12: =I13 -> 100 | J12: =J13 -> 146.3 | K12: =K13 -> 115.7
A13: Расходы на выплаты по оплате труда высшего должностного лица | B13: 01 | C13: 02 | D13: 65 | E13: 1 | F13: 00 | G13: 41150 | I13: =I14 -> 100 | J13: =J14 -> 146.3 | K13: =K14 -> 115.7
A14: Расходы на выплаты персоналу в целях обеспечения выполнения функций государственными (муниципальными) органами, казенными учреждениями, органами управления государственными внебюджетными фондами | B14: 01 | C14: 02 | D14: 65 | E14: 1 | F14: 00 | G14: 41150 | H14: 100 | I14: =I15 -> 100 | J14: =J15 -> 146.3 | K14: =K15 -> 115.7
A15: Расходы на выплаты персоналу государственных (муниципальных) органов | B15: 01 | C15: 02 | D15: 65 | E15: 1 | F15: 00 | G15: 41150 | H15: 120 | I15: ='Прил 5'!J16 -> 100 | J15: ='Прил 5'!K16 -> 146.3 | K15: ='Прил 5'!L16 -> 115.7
A16: Функционирование Правительства Российской Федерации, высших органов исполнительной власти субъектов Российской Федерации, местных администраций | B16: 01 | C16: 04 | I16: =I17+I30 -> 272.763 | J16: =J17+J30 -> 240.013 | K16: =K17+K30 -> 227.681
A17: Обеспечение деятельности администрации | B17: 01 | C17: 04 | D17: 65 | I17: =I18 -> 272.663 | J17: =J18 -> 239.913 | K17: =K18 -> 227.581
A18: Непрограммные расходы в рамках обеспечения деятельности администрации | B18: 01 | C18: 04 | D18: 65 | E18: 2 | I18: =I19+I22+I29 -> 272.663 | J18: =J19+J22+J29 -> 239.913 | K18: =K19+K22+K29 -> 227.581
A19: Расходы на выплаты по оплате труда работников органов местного самоуправления | B19: 01 | C19: 04 | D19: 65 | E19: 2 | F19: 00 | G19: 41110 | I19: =I20 -> 198.7 | J19: =J20 -> 162.8 | K19: =K20 -> 151.3
A20: Расходы на выплаты персоналу в целях обеспечения выполнения функций государственными (муниципальными) органами, казенными учреждениями, органами управления государственными внебюджетными фондами | B20: 01 | C20: 04 | D20: 65 | E20: 2 | F20: 00 | G20: 41110 | H20: 100 | I20: =I21 -> 198.7 | J20: =J21 -> 162.8 | K20: =K21 -> 151.3
A21: Расходы на выплаты персоналу государственных (муниципальных) органов | B21: 01 | C21: 04 | D21: 65 | E21: 2 | F21: 00 | G21: 41110 | H21: 120 | I21: ='Прил 5'!J22 -> 198.7 | J21: ='Прил 5'!K22 -> 162.8 | K21: ='Прил 5'!L22 -> 151.3
A22: Расходы на обеспечение функций органов местного самоуправленя | B22: 01 | C22: 04 | D22: 65 | E22: 2 | F22: 00 | G22: 41120 | I22: =I23+I25 -> 62.7 | J22: =J23+J25 -> 65.4 | K22: =K23+K25 -> 64.1
A23: Закупка товаров, работ и услуг для обеспечения государственных (муниципальных) нужд | B23: 01 | C23: 04 | D23: 65 | E23: 2 | F23: 00 | G23: 41120 | H23: 200 | I23: =I24 -> 5.1 | J23: =J24 -> 7.8 | K23: =K24 -> 6.5
A24: Иные закупки товаров, работ и услуг для обеспечения государственных (муниципальных) нужд | B24: 01 | C24: 04 | D24: 65 | E24: 2 | F24: 00 | G24: 41120 | H24: 240 | I24: ='Прил 5'!J25 -> 5.1 | J24: ='Прил 5'!K25 -> 7.8 | K24: ='Прил 5'!L25 -> 6.5
A25: Иные бюджетные ассигнования | B25: 01 | C25: 04 | D25: 66 | E25: 2 | F25: 00 | G25: 41120 | H25: 800 | I25: =I26 -> 57.6 | J25: =J26 -> 57.6 | K25: =K26 -> 57.6
A26: Уплата налогов, сборов и иных платежей | B26: 01 | C26: 04 | D26: 66 | E26: 2 | F26: 00 | G26: 41120 | H26: 850 | I26: ='Прил 5'!J27 -> 57.6 | J26: ='Прил 5'!K27 -> 57.6 | K26: ='Прил 5'!L27 -> 57.6
A27: Осуществление полномочий по составлению и рассмотрению проекта бюджета поселения, утверждениюи исполнению бюджета поселения, осуществлюнию контроля заего исполнением, составлению и утверждению отчета об исполнении бюджета поселения | B27: 01 | C27: 04 | D27: 65 | E27: 2 | F27: 00 | G27: 44501 | I27: =I28 -> 11.263 | J27: =J28 -> 11.713 | K27: =K28 -> 12.181
A28: Межбюджетные трансферты | B28: 01 | C28: 04 | D28: 65 | E28: 2 | F28: 00 | G28: 44501 | H28: 500 | I28: =I29 -> 11.263 | J28: =J29 -> 11.713 | K28: =K29 -> 12.181
A29: Иные межбюджетные трансферты | B29: 01 | C29: 04 | D29: 65 | E29: 2 | F29: 00 | G29: 44501 | H29: 540 | I29: ='Прил 5'!J30 -> 11.263 | J29: ='Прил 5'!K30 -> 11.713 | K29: ='Прил 5'!L30 -> 12.181
A30: Непрограммные расходы главных распорядителей средств бюджета Адашевского сельского поселения Кадошкинского муниципального района Республики Мордовия | B30: 01 | C30: 04 | D30: 89 | I30: =I31 -> 0.1 | J30: =J31 -> 0.1 | K30: =K31 -> 0.1
A31: Непрограммные расходы в рамках обеспечения деятельности главных распорядителей средств бюджета Адашевского сельского поселения Кадошкинского муниципального района Республики Мордовия | B31: 01 | C31: 04 | D31: 89 | E31: 1 | I31: =I32 -> 0.1 | J31: =J32 -> 0.1 | K31: =K32 -> 0.1
A32: Осуществление государственных полномочий Республики Мордовия по определению перечня должностных лиц, уполномоченных составлять протоколы об административных правонарушениях, предусмотренных Законом Республики Мордовия от 15 июня 2015 года № 38-З "Об административной ответственности на территории Республики Мордовия" | B32: 01 | C32: 04 | D32: 89 | E32: 1 | F32: 00 | G32: 77150 | I32: =I33 -> 0.1 | J32: =J33 -> 0.1 | K32: =K33 -> 0.1
A33: Закупка товаров, работ и услуг для обеспечения государственных (муниципальных) нужд | B33: 01 | C33: 04 | D33: 89 | E33: 1 | F33: 00 | G33: 77150 | H33: 200 | I33: =I34 -> 0.1 | J33: =J34 -> 0.1 | K33: =K34 -> 0.1
A34: Иные закупки товаров, работ и услуг для обеспечения государственных (муниципальных) нужд | B34: 01 | C34: 04 | D34: 89 | E34: 1 | F34: 00 | G34: 77150 | H34: 240 | I34: ='Прил 5'!J35 -> 0.1 | J34: ='Прил 5'!K35 -> 0.1 | K34: ='Прил 5'!L35 -> 0.1
A35: Резервные фонды | B35: 01 | C35: 11 | I35: =I36 -> 1 | J35: =J36 -> 1 | K35: =K36 -> 1
A36: Непрограммные расходы главных распорядителей средств бюджета Адашевского сельского поселения Кадошкинского муниципального района Республики Мордовия | B36: 01 | C36: 11 | D36: 89 | I36: =I37 -> 1 | J36: =J37 -> 1 | K36: =K37 -> 1
A37: Непрограммные расходы в рамках обеспечения деятельности главных распорядителей средств бюджета Адашевского сельского поселения Кадошкинского муниципального района Республики Мордовия | B37: 01 | C37: 11 | D37: 89 | E37: 1 | I37: =I38 -> 1 | J37: =J38 -> 1 | K37: =K38 -> 1
A38: Резервный фонд администрации Адашевского сельского поселения Кадошкинского муниципального района Республики Мордовия | B38: 01 | C38: 11 | D38: 89 | E38: 1 | F38: 00 | G38: 41180 | I38: =I39 -> 1 | J38: =J39 -> 1 | K38: =K39 -> 1
A39: Иные бюджетные ассигнования | B39: 01 | C39: 11 | D39: 89 | E39: 1 | F39: 00 | G39: 41180 | H39: 800 | I39: =I40 -> 1 | J39: =J40 -> 1 | K39: =K40 -> 1
A40: Резервные средства | B40: 01 | C40: 11 | D40: 89 | E40: 1 | F40: 00 | G40: 41180 | H40: 870 | I40: ='Прил 5'!J41 -> 1 | J40: ='Прил 5'!K41 -> 1 | K40: ='Прил 5'!L41 -> 1
A41: Другие общегосударственные вопросы | B41: 01 | C41: 13
A42: Программа "Развитие муниципальной службы в Паевском сельском поселении на 2019-2022г.г." | B42: 01 | C42: 13 | D42: 01
A43: Подготовка, переподготовка и повышение квалификации кадров | B43: 01 | C43: 13 | D43: 01 | E43: 0 | F43: 00 | G43: 41250
A44: Прочая закупка товаров, работ и услуг | B44: 01 | C44: 13 | D44: 01 | E44: 0 | F44: 00 | G44: 41250 | H44: 244
A45: Противопожарная безопасность на территории Адашевского сельского поселения на 2019-2020г.г. | B45: 01 | C45: 13 | D45: 08
A46: Мероприятия по обеспечению пожарной безопасности | B46: 01 | C46: 13 | D46: 08 | E46: 0 | F46: 00 | G46: 42120
A47: Прочая закупка товаров, работ и услуг | B47: 01 | C47: 13 | D47: 08 | E47: 0 | F47: 00 | G47: 42120 | H47: 244
A48: Гармонизация межнациональных и межконфессиальных отношений в Паевском сельском поселении на 2016-2020г.г. | B48: 01 | C48: 13 | D48: 24
A49: Мероприятия, направленные на развитие межнациональных отношений | B49: 01 | C49: 13 | D49: 24 | E49: 0 | F49: 00 | G49: 42310
A50: Прочая закупка товаров, работ и услуг | B50: 01 | C50: 13 | D50: 24 | E50: 0 | F50: 00 | G50: 42310 | H50: 244
A51: Программа по противодействию терроризму и экстремизму на территории Адашевского сельского поселения на 2019-2020г.г. | B51: 01 | C51: 13 | D51: 31
A52: Мероприятия по укреплению общественного порядка и обеспечению общественной безопасности | B52: 01 | C52: 13 | D52: 31 | E52: 0 | F52: 00 | G52: 42300
A53: Прочая закупка товаров, работ и услуг | B53: 01 | C53: 13 | D53: 31 | E53: 0 | F53: 00 | G53: 42300 | H53: 244
A54: Национальная оборона | B54: 02 | I54: =I55 -> 78.7 | J54: =J55 -> 78.8 | K54: =K55 -> 80.6
A55: Мобилизационная и вневойсковая подготовка | B55: 02 | C55: 03 | I55: =I56 -> 78.7 | J55: =J56 -> 78.8 | K55: =K56 -> 80.6
A56: Непрограммные расходы главных распорядителей средств бюджета Адашевского сельского поселения Кадошкинского муниципального района Республики Мордовия | B56: 02 | C56: 03 | D56: 89 | I56: =I57 -> 78.7 | J56: =J57 -> 78.8 | K56: =K57 -> 80.6
A57: Непрограммные расходы в рамках обеспечения деятельности главных распорядителей средств бюджета Адашевского сельского поселения Кадошкинского муниципального района Республики Мордовия | B57: 02 | C57: 03 | D57: 89 | E57: 1 | I57: =I58 -> 78.7 | J57: =J58 -> 78.8 | K57: =K58 -> 80.6
A58: Осуществление первичного воинского учета на территориях, где отсутствуют военные комиссариаты | B58: 02 | C58: 03 | D58: 89 | E58: 1 | F58: 00 | G58: 51180 | I58: =I59+I61 -> 78.7 | J58: =J59+J61 -> 78.8 | K58: =K59+K61 -> 80.6
A59: Расходы на выплаты персоналу в целях обеспечения выполнения функций государственными (муниципальными) органами, казенными учреждениями, органами управления государственными внебюджетными фондами | B59: 02 | C59: 03 | D59: 89 | E59: 1 | F59: 00 | G59: 51180 | H59: 100 | I59: =I60 -> 74.8 | J59: =J60 -> 74.8 | K59: =K60 -> 76.6
A60: Расходы на выплаты персоналу государственных (муниципальных) органов | B60: 02 | C60: 03 | D60: 89 | E60: 1 | F60: 00 | G60: 51180 | H60: 120 | I60: ='Прил 5'!J61 -> 74.8 | J60: ='Прил 5'!K61 -> 74.8 | K60: ='Прил 5'!L61 -> 76.6
A61: Закупка товаров, работ и услуг для обеспечения государственных (муниципальных) нужд | B61: 02 | C61: 03 | D61: 89 | E61: 1 | F61: 00 | G61: 51180 | H61: 200 | I61: =I62 -> 3.9 | J61: =J62 -> 4 | K61: =K62 -> 4
A62: Иные закупки товаров, работ и услуг для обеспечения государственных (муниципальных) нужд | B62: 02 | C62: 03 | D62: 89 | E62: 1 | F62: 00 | G62: 51180 | H62: 240 | I62: ='Прил 5'!J63 -> 3.9 | J62: ='Прил 5'!K63 -> 4 | K62: ='Прил 5'!L63 -> 4
A63: Национальная экономика | B63: 04 | I63: =I64 -> 196.3 | J63: =J64 -> 218.3 | K63: =K64 -> 222
A64: Дорожное хозяйство (дорожные фонды) | B64: 04 | C64: 09 | I64: =I65 -> 196.3 | J64: =J65 -> 218.3 | K64: =K65 -> 222
A65: Непрограммные расходы главных распорядителей средств бюджета Адашевского сельского поселения Кадошкинского муниципального района Республики Мордовия | B65: 04 | C65: 09 | D65: 89 | I65: =I66 -> 196.3 | J65: =J67 -> 218.3 | K65: =K67 -> 222
A66: Непрограммные расходы в рамках обеспечения деятельности главных распорядителей средств бюджета Адашевского сельского поселения Кадошкинского муниципального района Республики Мордовия | B66: 04 | C66: 09 | D66: 89 | E66: 1 | I66: =I67 -> 196.3
A67: Осуществление полномочий по дорожной деятельности в отношении автомобильных дорог местного значения в границах населенных пунктов поселения и обеспечению безопасности дорожного движения на них | B67: 04 | C67: 09 | D67: 89 | E67: 1 | F67: 00 | G67: 44102 | I67: =I68 -> 196.3 | J67: =J68 -> 218.3 | K67: =K68 -> 222
A68: Закупка товаров, работ и услуг для обеспечения государственных (муниципальных) нужд | B68: 04 | C68: 09 | D68: 89 | E68: 1 | F68: 00 | G68: 44102 | H68: 200 | I68: =I69 -> 196.3 | J68: =J69 -> 218.3 | K68: =K69 -> 222
A69: Иные закупки товаров, работ и услуг для обеспечения государственных (муниципальных) нужд | B69: 04 | C69: 09 | D69: 89 | E69: 1 | F69: 00 | G69: 44102 | H69: 240 | I69: ='Прил 5'!J70 -> 196.3 | J69: ='Прил 5'!K70 -> 218.3 | K69: ='Прил 5'!L70 -> 222
A70: Жилищно-коммунальное хозяйство | B70: 05 | I70: =I71+I77 -> 56.7 | J70: =J71+J77 -> 63.2 | K70: =K71+K77 -> 48.9
A71: Коммунальное хозяйство | B71: 05 | C71: 02 | I71: =I72 -> 0.4 | J71: =J72 -> 0.4 | K71: =K72 -> 0.4
A72: Непрограммные расходы главных распорядителей средств бюджета Адашевского сельского поселения Кадошкинского муниципального района Республики Мордовия | B72: 05 | C72: 02 | D72: 89 | I72: =I73 -> 0.4 | J72: =J73 -> 0.4 | K72: =K73 -> 0.4
A73: Непрограммные расходы в рамках обеспечения деятельности главных распорядителей средств бюджета Адашевского сельского поселения Кадошкинского муниципального района Республики Мордовия | B73: 05 | C73: 02 | D73: 89 | E73: 1 | I73: =I74 -> 0.4 | J73: =J74 -> 0.4 | K73: =K74 -> 0.4
A74: Осуществление полномочий по организации в границах поселений электро-, тепло-, газо- и водоснабжения населения, водоотведения в пределах полномочий, установленных законодательством Российской Федерации | B74: 05 | C74: 02 | D74: 89 | E74: 1 | F74: 00 | G74: 44101 | I74: =I75 -> 0.4 | J74: =J75 -> 0.4 | K74: =K75 -> 0.4
A75: Закупка товаров, работ и услуг для обеспечения государственных (муниципальных) нужд | B75: 05 | C75: 02 | D75: 89 | E75: 1 | F75: 00 | G75: 44101 | H75: 200 | I75: =I76 -> 0.4 | J75: =J76 -> 0.4 | K75: =K76 -> 0.4
A76: Иные закупки товаров, работ и услуг для обеспечения государственных (муниципальных) нужд | B76: 05 | C76: 02 | D76: 89 | E76: 1 | F76: 00 | G76: 44101 | H76: 240 | I76: ='Прил 5'!J77 -> 0.4 | J76: ='Прил 5'!K77 -> 0.4 | K76: ='Прил 5'!L77 -> 0.4
A77: Благоустройство | B77: 05 | C77: 03 | I77: =I78 -> 56.3 | J77: =J78 -> 62.8 | K77: =K78 -> 48.5
A78: Непрограммные расходы главных распорядителей средств бюджета Адашевского сельского поселения Кадошкинского муниципального района Республики Мордовия | B78: 05 | C78: 03 | D78: 89 | I78: =I79 -> 56.3 | J78: =J79 -> 62.8 | K78: =K79 -> 48.5
A79: Непрограммные расходы в рамках обеспечения деятельности главных распорядителей средств бюджета Адашевского сельского поселения Кадошкинского муниципального района Республики Мордовия | D79: 89 | E79: 1 | I79: =I80+I83 -> 56.3 | J79: =J80+J83 -> 62.8 | K79: =K80+K83 -> 48.5
A80: Уличное освещение | B80: 05 | C80: 03 | D80: 89 | E80: 1 | F80: 00 | G80: 43010 | I80: =I81 -> 40.5 | J80: =J81 -> 45.7 | K80: =K81 -> 36.4
A81: Закупка товаров, работ и услуг для обеспечения государственных (муниципальных) нужд | B81: 05 | C81: 03 | D81: 89 | E81: 1 | F81: 00 | G81: 43010 | H81: 200 | I81: =I82 -> 40.5 | J81: =J82 -> 45.7 | K81: =K82 -> 36.4
A82: Иные закупки товаров, работ и услуг для обеспечения государственных (муниципальных) нужд | B82: 05 | C82: 03 | D82: 89 | E82: 1 | F82: 00 | G82: 43010 | H82: 240 | I82: ='Прил 5'!J83 -> 40.5 | J82: ='Прил 5'!K83 -> 45.7 | K82: ='Прил 5'!L83 -> 36.4
A83: Прочие мероприятия по благоустройству | B83: 05 | C83: 03 | D83: 89 | E83: 1 | F83: 00 | G83: 43040 | I83: =I84 -> 15.8 | J83: =J84 -> 17.1 | K83: =K84 -> 12.1
A84: Закупка товаров, работ и услуг для обеспечения государственных (муниципальных) нужд | B84: 05 | C84: 03 | D84: 89 | E84: 1 | F84: 00 | G84: 43040 | H84: 200 | I84: =I85 -> 15.8 | J84: =J85 -> 17.1 | K84: =K85 -> 12.1
A85: Иные закупки товаров, работ и услуг для обеспечения государственных (муниципальных) нужд | B85: 05 | C85: 03 | D85: 89 | E85: 1 | F85: 00 | G85: 43040 | H85: 240 | I85: ='Прил 5'!J86 -> 15.8 | J85: ='Прил 5'!K86 -> 17.1 | K85: ='Прил 5'!L86 -> 12.1
A86: Социальная политика | B86: 10 | I86: =I87 -> 66.4 | J86: =J87 -> 69.1 | K86: =K87 -> 71.3
A87: Пенсионное обеспечение | B87: 10 | C87: 01 | I87: =I88 -> 66.4 | J87: =J88 -> 69.1 | K87: =K88 -> 71.3
A88: Непрограммные расходы главных распорядителей средств бюджета Адашевского сельского поселения Кадошкинского муниципального района Республики Мордовия | B88: 10 | C88: 01 | D88: 89 | I88: =I89 -> 66.4 | J88: =J89 -> 69.1 | K88: =K89 -> 71.3
A89: Непрограммные расходы в рамках обеспечения деятельности главных распорядителей средств бюджета Адашевского сельского поселения Кадошкинского муниципального района Республики Мордовия | B89: 10 | C89: 01 | D89: 89 | E89: 1 | I89: =I90 -> 66.4 | J89: =J90 -> 69.1 | K89: =K90 -> 71.3
A90: Доплаты к пенсиям муниципальных служащих Республики Мордовия | B90: 10 | C90: 01 | D90: 89 | E90: 1 | F90: 00 | G90: 03010 | I90: =I91 -> 66.4 | J90: =J91 -> 69.1 | K90: =K91 -> 71.3
A91: Социальное обеспечение и иные выплаты населению | B91: 10 | C91: 01 | D91: 89 | E91: 1 | F91: 00 | G91: 03010 | H91: 300 | I91: =I92 -> 66.4 | J91: =J92 -> 69.1 | K91: =K92 -> 71.3
A92: Публичные нормативные социальные выплаты гражданам | B92: 10 | C92: 01 | D92: 89 | E92: 1 | F92: 00 | G92: 03010 | H92: 310 | I92: ='Прил 5'!J93 -> 66.4 | J92: ='Прил 5'!K93 -> 69.1 | K92: ='Прил 5'!L93 -> 71.3
A93: Обслуживание государственного и муниципального долга | B93: 13 | I93: =I94 -> 1 | J93: =J94 -> 1 | K93: =K94 -> 1
A94: Обслуживание государственного внутреннего и муниципального долга | B94: 13 | C94: 01 | I94: =I95 -> 1 | J94: =J95 -> 1 | K94: =K95 -> 1
A95: Непрограммные расходы главных распорядителей средств бюджета Адашевского сельского поселения Кадошкинского муниципального района Республики Мордовия | B95: 13 | C95: 01 | D95: 89 | E95: 0 | I95: =I96 -> 1 | J95: =J96 -> 1 | K95: =K96 -> 1
A96: Непрограммные расходы в рамках обеспечения деятельности главных распорядителей средств бюджета Адашевского сельского поселения Кадошкинского муниципального района Республики Мордовия | B96: 13 | C96: 01 | D96: 89 | E96: 1 | I96: =I97 -> 1 | J96: =J97 -> 1 | K96: =K97 -> 1
A97: Процентные платежи по муниципальному долгу | B97: 13 | C97: 01 | D97: 89 | E97: 1 | F97: 00 | G97: 41240 | I97: =I98 -> 1 | J97: =J98 -> 1 | K97: =K98 -> 1
A98: Обслуживание государственного (муниципального) долга | B98: 13 | C98: 01 | D98: 89 | E98: 1 | F98: 00 | G98: 41240 | H98: 700 | I98: =I99 -> 1 | J98: =J99 -> 1 | K98: =K99 -> 1
A99: Обслуживание муниципального долга | B99: 13 | C99: 01 | D99: 89 | E99: 1 | F99: 00 | G99: 41240 | H99: 730 | I99: ='Прил 5'!J100 -> 1 | J99: ='Прил 5'!K100 -> 1 | K99: ='Прил 5'!L100 -> 1

Sheet Прил 5
H1: Приложение 5
A3: ВЕДОМСТВЕННАЯ СТРУКТУРА РАСХОДОВ БЮДЖЕТА АДАШЕВСКОГО СЕЛЬСКОГО ПОСЕЛЕНИЯ КАДОШКИНСКОГО МУНИЦИПАЛЬНОГО РАЙОНА РЕСПУБЛИКИ МОРДОВИЯ НА 2020 ГОД И НА ПЛАНОВЫЙ ПЕРИОД 2021 И 2022 ГОДОВ
A5: Наименование | B5: Адм | C5: Рз | D5: ПРз | E5: ЦСР | I5: ВР | J5: Сумма (тыс. рублей)
J6: 2020 год | K6: 2021 год | L6: 2022 год
A7: 1 | B7: 2 | C7: 3 | D7: 4 | E7: 5 | F7: 6 | G7: 7 | H7: 8 | I7: 9 | J7: 10 | K7: 11 | L7: 12
A8: ВСЕГО | J8: =J9 -> 772.863 | K8: =K9 -> 817.713 | L8: =L9 -> 768.181
A9: Администрация Адашевского сельского поселения Кадошкинского муниципального района Республики Мордовия | B9: 910 | J9: =J10+J55+J64+J71+J87+J94 -> 772.863 | K9: =K10+K55+K64+K71+K87+K94 -> 817.713 | L9: =L10+L55+L64+L71+L87+L94 -> 768.181
A10: Общегосударственные вопросы | B10: 910 | C10: 01 | J10: =J11+J17+J36 -> 373.763 | K10: =K11+K17+K36 -> 387.313 | L10: =L11+L17+L36 -> 344.381
A11: Функционирование высшего должностного лица субъекта Российской Федерации и муниципального образования | B11: 910 | C11: 01 | D11: 02 | J11: =J12 -> 100 | K11: =K12 -> 146.3 | L11: =L12 -> 115.7
A12: Обеспечение деятельности администрации | B12: 910 | C12: 01 | D12: 02 | E12: 65 | J12: =J13 -> 100 | K12: =K13 -> 146.3 | L12: =L13 -> 115.7
A13: Высшее должностное лицо | B13: 910 | C13: 01 | D13: 02 | E13: 65 | F13: 1 | J13: =J14 -> 100 | K13: =K14 -> 146.3 | L13: =L14 -> 115.7
A14: Расходы на выплаты по оплате труда высшего должностного лица | B14: 910 | C14: 01 | D14: 02 | E14: 65 | F14: 1 | G14: 00 | H14: 41150 | J14: =J15 -> 100 | K14: =K15 -> 146.3 | L14: =L15 -> 115.7
A15: Расходы на выплаты персоналу в целях обеспечения выполнения функций государственными (муниципальными) органами, казенными учреждениями, органами управления государственными внебюджетными фондами | B15: 910 | C15: 01 | D15: 02 | E15: 65 | F15: 1 | G15: 00 | H15: 41150 | I15: 100 | J15: =J16 -> 100 | K15: =K16 -> 146.3 | L15: =L16 -> 115.7
A16: Расходы на выплаты персоналу государственных (муниципальных) органов | B16: 910 | C16: 01 | D16: 02 | E16: 65 | F16: 1 | G16: 00 | H16: 41150 | I16: 120 | J16: 100 | K16: 146.3 | L16: 115.7
A17: Функционирование Правительства Российской Федерации, высших органов исполнительной власти субъектов Российской Федерации, местных администраций | B17: 910 | C17: 01 | D17: 04 | J17: =J18+J31 -> 272.763 | K17: =K18+K31 -> 240.013 | L17: =L18+L31 -> 227.681
A18: Обеспечение деятельности администрации | B18: 910 | C18: 01 | D18: 04 | E18: 65 | J18: =J19 -> 272.663 | K18: =K19 -> 239.913 | L18: =L19 -> 227.581
A19: Непрограммные расходы в рамках обеспечения деятельности администрации | B19: 910 | C19: 01 | D19: 04 | E19: 65 | F19: 2 | J19: =J21+J23+J28 -> 272.663 | K19: =K21+K23+K28 -> 239.913 | L19: =L21+L23+L28 -> 227.581
A20: Расходы на выплаты по оплате труда работников органов местного самоуправления | B20: 910 | C20: 01 | D20: 04 | E20: 65 | F20: 2 | G20: 00 | H20: 41110 | J20: =J21 -> 198.7 | K20: =K21 -> 162.8 | L20: =L21 -> 151.3
A21: Расходы на выплаты персоналу в целях обеспечения выполнения функций государственными (муниципальными) органами, казенными учреждениями, органами управления государственными внебюджетными фондами | B21: 910 | C21: 01 | D21: 04 | E21: 65 | F21: 2 | G21: 00 | H21: 41110 | I21: 100 | J21: =J22 -> 198.7 | K21: =K22 -> 162.8 | L21: =L22 -> 151.3
A22: Расходы на выплаты персоналу государственных (муниципальных) органов | B22: 910 | C22: 01 | D22: 04 | E22: 65 | F22: 2 | G22: 00 | H22: 41110 | I22: 120 | J22: 198.7 | K22: 162.8 | L22: 151.3
A23: Расходы на обеспечение функций органов местного самоуправленя | B23: 910 | C23: 01 | D23: 04 | E23: 65 | F23: 2 | G23: 00 | H23: 41120 | J23: =J24+J26 -> 62.7 | K23: =K24+K26 -> 65.4 | L23: =L24+L26 -> 64.1
A24: Закупка товаров, работ и услуг для обеспечения государственных (муниципальных) нужд | B24: 910 | C24: 01 | D24: 04 | E24: 65 | F24: 2 | G24: 00 | H24: 41120 | I24: 200 | J24: =J25 -> 5.1 | K24: =K25 -> 7.8 | L24: =L25 -> 6.5
A25: Иные закупки товаров, работ и услуг для обеспечения государственных (муниципальных) нужд | B25: 910 | C25: 01 | D25: 04 | E25: 65 | F25: 2 | G25: 00 | H25: 41120 | I25: 240 | J25: 5.1 | K25: 7.8 | L25: 6.5
A26: Иные бюджетные ассигнования | B26: 910 | C26: 01 | D26: 04 | E26: 66 | F26: 2 | G26: 00 | H26: 41120 | I26: 800 | J26: =J27 -> 57.6 | K26: =K27 -> 57.6 | L26: =L27 -> 57.6
A27: Уплата налогов, сборов и иных платежей | B27: 910 | C27: 01 | D27: 04 | E27: 66 | F27: 2 | G27: 00 | H27: 41120 | I27: 850 | J27: 57.6 | K27: 57.6 | L27: 57.6
A28: Осуществление полномочий по составлению и рассмотрению проекта бюджета поселения, утверждениюи исполнению бюджета поселения, осуществлюнию контроля заего исполнением, составлению и утверждению отчета об исполнении бюджета поселения | B28: 910 | C28: 01 | D28: 04 | E28: 65 | F28: 2 | G28: 00 | H28: 44501 | J28: =J29 -> 11.263 | K28: =K29 -> 11.713 | L28: =L29 -> 12.181
A29: Межбюджетные трансферты | B29: 910 | C29: 01 | D29: 04 | E29: 65 | F29: 2 | G29: 00 | H29: 44501 | I29: 500 | J29: =J30 -> 11.263 | K29: =K30 -> 11.713 | L29: =L30 -> 12.181
A30: Иные межбюджетные трансферты | B30: 910 | C30: 01 | D30: 04 | E30: 65 | F30: 2 | G30: 00 | H30: 44501 | I30: 540 | J30: 11.263 | K30: 11.713 | L30: 12.181
A31: Непрограммные расходы главных распорядителей средств бюджета Адашевского сельского поселения Кадошкинского муниципального района Республики Мордовия | B31: 910 | C31: 01 | D31: 04 | E31: 89 | J31: =J32 -> 0.1 | K31: =K32 -> 0.1 | L31: =L32 -> 0.1
A32: Непрограммные расходы в рамках обеспечения деятельности главных распорядителей средств бюджета Адашевского сельского поселения Кадошкинского муниципального района Республики Мордовия | B32: 910 | C32: 01 | D32: 04 | E32: 89 | F32: 1 | J32: =J33 -> 0.1 | K32: =K33 -> 0.1 | L32: =L33 -> 0.1
A33: Осуществление государственных полномочий Республики Мордовия по определению перечня должностных лиц, уполномоченных составлять протоколы об административных правонарушениях, предусмотренных Законом Республики Мордовия от 15 июня 2015 года № 38-З "Об административной ответственности на территории Республики Мордовия" | B33: 910 | C33: 01 | D33: 04 | E33: 89 | F33: 1 | G33: 00 | H33: 77150 | J33: =J34 -> 0.1 | K33: =K34 -> 0.1 | L33: =L34 -> 0.1
A34: Закупка товаров, работ и услуг для обеспечения государственных (муниципальных) нужд | B34: 910 | C34: 01 | D34: 04 | E34: 89 | F34: 1 | G34: 00 | H34: 77150 | I34: 200 | J34: =J35 -> 0.1 | K34: =K35 -> 0.1 | L34: =L35 -> 0.1
A35: Иные закупки товаров, работ и услуг для обеспечения государственных (муниципальных) нужд | B35: 910 | C35: 01 | D35: 04 | E35: 89 | F35: 1 | G35: 00 | H35: 77150 | I35: 240 | J35: 0.1 | K35: 0.1 | L35: 0.1
A36: Резервные фонды | B36: 910 | C36: 01 | D36: 11 | J36: =J37 -> 1 | K36: =K37 -> 1 | L36: =L37 -> 1
A37: Непрограммные расходы главных распорядителей средств бюджета Адашевского сельского поселения Кадошкинского муниципального района Республики Мордовия | B37: 910 | C37: 01 | D37: 11 | E37: 89 | J37: =J38 -> 1 | K37: =K38 -> 1 | L37: =L38 -> 1
A38: Непрограммные расходы в рамках обеспечения деятельности главных распорядителей средств бюджета Адашевского сельского поселения Кадошкинского муниципального района Республики Мордовия | B38: 910 | C38: 01 | D38: 11 | E38: 89 | F38: 1 | J38: =J39 -> 1 | K38: =K39 -> 1 | L38: =L39 -> 1
A39: Резервный фонд администрации Адашевского сельского поселения Кадошкинского муниципального района Республики Мордовия | B39: 910 | C39: 01 | D39: 11 | E39: 89 | F39: 1 | G39: 00 | H39: 41180 | J39: =J40 -> 1 | K39: =K40 -> 1 | L39: =L40 -> 1
A40: Иные бюджетные ассигнования | B40: 910 | C40: 01 | D40: 11 | E40: 89 | F40: 1 | G40: 00 | H40: 41180 | I40: 800 | J40: =J41 -> 1 | K40: =K41 -> 1 | L40: =L41 -> 1
A41: Резервные средства | B41: 910 | C41: 01 | D41: 11 | E41: 89 | F41: 1 | G41: 00 | H41: 41180 | I41: 870 | J41: 1 | K41: 1 | L41: 1
A42: Другие общегосударственные вопросы | B42: 910 | C42: 01 | D42: 13 | J42: =J43+J46+J49+J52 -> 4.5
A43: Программа "Развитие муниципальной службы в Паевском сельском поселении на 2019-2022г.г." | B43: 910 | C43: 01 | D43: 13 | E43: 01 | J43: =J44 -> 1.5
A44: Подготовка, переподготовка и повышение квалификации кадров | B44: 910 | C44: 01 | D44: 13 | E44: 01 | F44: 0 | G44: 00 | H44: 41250 | J44: =J45 -> 1.5
A45: Прочая закупка товаров, работ и услуг | B45: 910 | C45: 01 | D45: 13 | E45: 01 | F45: 0 | G45: 00 | H45: 41250 | I45: 244 | J45: 1.5
A46: Противопожарная безопасность на территории Адашевского сельского поселения на 2019-2020г.г. | B46: 910 | C46: 01 | D46: 13 | E46: 08 | J46: =J47 -> 1
A47: Мероприятия по обеспечению пожарной безопасности | B47: 910 | C47: 01 | D47: 13 | E47: 08 | F47: 0 | G47: 00 | H47: 42120 | J47: =J48 -> 1
A48: Прочая закупка товаров, работ и услуг | B48: 910 | C48: 01 | D48: 13 | E48: 08 | F48: 0 | G48: 00 | H48: 42120 | I48: 244 | J48: 1
A49: Гармонизация межнациональных и межконфессиальных отношений в Паевском сельском поселении на 2016-2020г.г. | B49: 910 | C49: 01 | D49: 13 | E49: 24 | J49: =J50 -> 1
A50: Мероприятия, направленные на развитие межнациональных отношений | B50: 910 | C50: 01 | D50: 13 | E50: 24 | F50: 0 | G50: 00 | H50: 42310 | J50: =J51 -> 1
A51: Прочая закупка товаров, работ и услуг | B51: 910 | C51: 01 | D51: 13 | E51: 24 | F51: 0 | G51: 00 | H51: 42310 | I51: 244 | J51: 1
A52: Программа по противодействию терроризму и экстремизму на территории Адашевского сельского поселения на 2019-2020г.г. | B52: 910 | C52: 01 | D52: 13 | E52: 31 | J52: =J53 -> 1
A53: Мероприятия по укреплению общественного порядка и обеспечению общественной безопасности | B53: 910 | C53: 01 | D53: 13 | E53: 31 | F53: 0 | G53: 00 | H53: 42300 | J53: =J54 -> 1
A54: Прочая закупка товаров, работ и услуг | B54: 910 | C54: 01 | D54: 13 | E54: 31 | F54: 0 | G54: 00 | H54: 42300 | I54: 244 | J54: 1
A55: Национальная оборона | B55: 910 | C55: 02 | J55: =J56 -> 78.7 | K55: =K56 -> 78.8 | L55: =L56 -> 80.6
A56: Мобилизационная и вневойсковая подготовка | B56: 910 | C56: 02 | D56: 03 | J56: =J59 -> 78.7 | K56: =K59 -> 78.8 | L56: =L59 -> 80.6
A57: Непрограммные расходы главных распорядителей средств бюджета Адашевского сельского поселения Кадошкинского муниципального района Республики Мордовия | B57: 910 | C57: 02 | D57: 03 | E57: 89 | J57: =J58 -> 78.7 | K57: =K58 -> 78.8 | L57: =L58 -> 80.6
A58: Непрограммные расходы в рамках обеспечения деятельности главных распорядителей средств бюджета Адашевского сельского поселения Кадошкинского муниципального района Республики Мордовия | B58: 910 | C58: 02 | D58: 03 | E58: 89 | F58: 1 | J58: =J59 -> 78.7 | K58: =K59 -> 78.8 | L58: =L59 -> 80.6
A59: Осуществление первичного воинского учета на территориях, где отсутствуют военные комиссариаты | B59: 910 | C59: 02 | D59: 03 | E59: 89 | F59: 1 | G59: 00 | H59: 51180 | J59: =J60+J62 -> 78.7 | K59: =K60+K62 -> 78.8 | L59: =L60+L62 -> 80.6
A60: Расходы на выплаты персоналу в целях обеспечения выполнения функций государственными (муниципальными) органами, казенными учреждениями, органами управления государственными внебюджетными фондами | B60: 910 | C60: 02 | D60: 03 | E60: 89 | F60: 1 | G60: 00 | H60: 51180 | I60: 100 | J60: =J61 -> 74.8 | K60: =K61 -> 74.8 | L60: =L61 -> 76.6
A61: Расходы на выплаты персоналу государственных (муниципальных) органов | B61: 910 | C61: 02 | D61: 03 | E61: 89 | F61: 1 | G61: 00 | H61: 51180 | I61: 120 | J61: 74.8 | K61: 74.8 | L61: 76.6
A62: Закупка товаров, работ и услуг для обеспечения государственных (муниципальных) нужд | B62: 910 | C62: 02 | D62: 03 | E62: 89 | F62: 1 | G62: 00 | H62: 51180 | I62: 200 | J62: =J63 -> 3.9 | K62: =K63 -> 4 | L62: =L63 -> 4
A63: Иные закупки товаров, работ и услуг для обеспечения государственных (муниципальных) нужд | B63: 910 | C63: 02 | D63: 03 | E63: 89 | F63: 1 | G63: 00 | H63: 51180 | I63: 240 | J63: 3.9 | K63: 4 | L63: 4
A64: Национальная экономика | B64: 910 | C64: 04 | J64: =J65 -> 196.3 | K64: =K65 -> 218.3 | L64: =L65 -> 222
A65: Дорожное хозяйство (дорожные фонды) | B65: 910 | C65: 04 | D65: 09 | J65: =J66 -> 196.3 | K65: =K66 -> 218.3 | L65: =L66 -> 222
A66: Непрограммные расходы главных распорядителей средств бюджета Адашевского сельского поселения Кадошкинского муниципального района Республики Мордовия | B66: 910 | C66: 04 | D66: 09 | E66: 89 | J66: =J68 -> 196.3 | K66: =K68 -> 218.3 | L66: =L68 -> 222
A67: Непрограммные расходы в рамках обеспечения деятельности главных распорядителей средств бюджета Адашевского сельского поселения Кадошкинского муниципального района Республики Мордовия | B67: 910 | C67: 04 | D67: 09 | E67: 89 | F67: 1
A68: Осуществление полномочий по дорожной деятельности в отношении автомобильных дорог местного значения в границах населенных пунктов поселения и обеспечению безопасности дорожного движения на них | B68: 910 | C68: 04 | D68: 09 | E68: 89 | F68: 1 | G68: 00 | H68: 44102 | J68: =J69 -> 196.3 | K68: =K69 -> 218.3 | L68: =L69 -> 222
A69: Закупка товаров, работ и услуг для обеспечения государственных (муниципальных) нужд | B69: 910 | C69: 04 | D69: 09 | E69: 89 | F69: 1 | G69: 00 | H69: 44102 | I69: 200 | J69: =J70 -> 196.3 | K69: =K70 -> 218.3 | L69: =L70 -> 222
A70: Иные закупки товаров, работ и услуг для обеспечения государственных (муниципальных) нужд | B70: 910 | C70: 04 | D70: 09 | E70: 89 | F70: 1 | G70: 00 | H70: 44102 | I70: 240 | J70: 196.3 | K70: 218.3 | L70: 222
A71: Жилищно-коммунальное хозяйство | B71: 910 | C71: 05 | J71: =J72+J78 -> 56.7 | K71: =K72+K78 -> 63.2 | L71: =L72+L78 -> 48.9
A72: Коммунальное хозяйство | B72: 910 | C72: 05 | D72: 02 | J72: =J73 -> 0.4 | K72: =K73 -> 0.4 | L72: =L73 -> 0.4
A73: Непрограммные расходы главных распорядителей средств бюджета Адашевского сельского поселения Кадошкинского муниципального района Республики Мордовия | B73: 910 | C73: 05 | D73: 02 | E73: 89 | J73: =J74 -> 0.4 | K73: =K74 -> 0.4 | L73: =L74 -> 0.4
A74: Непрограммные расходы в рамках обеспечения деятельности главных распорядителей средств бюджета Адашевского сельского поселения Кадошкинского муниципального района Республики Мордовия | B74: 910 | C74: 05 | D74: 02 | E74: 89 | F74: 1 | J74: =J75 -> 0.4 | K74: =K75 -> 0.4 | L74: =L75 -> 0.4
A75: Осуществление полномочий по организации в границах поселений электро-, тепло-, газо- и водоснабжения населения, водоотведения в пределах полномочий, установленных законодательством Российской Федерации | B75: 910 | C75: 05 | D75: 02 | E75: 89 | F75: 1 | G75: 00 | H75: 44101 | J75: =J76 -> 0.4 | K75: =K76 -> 0.4 | L75: =L76 -> 0.4
A76: Закупка товаров, работ и услуг для обеспечения государственных (муниципальных) нужд | B76: 910 | C76: 05 | D76: 02 | E76: 89 | F76: 1 | G76: 00 | H76: 44101 | I76: 200 | J76: =J77 -> 0.4 | K76: =K77 -> 0.4 | L76: =L77 -> 0.4
A77: Иные закупки товаров, работ и услуг для обеспечения государственных (муниципальных) нужд | B77: 910 | C77: 05 | D77: 02 | E77: 89 | F77: 1 | G77: 00 | H77: 44101 | I77: 240 | J77: 0.4 | K77: 0.4 | L77: 0.4
A78: Благоустройство | B78: 910 | C78: 05 | D78: 03 | J78: =J79 -> 56.3 | K78: =K79 -> 62.8 | L78: =L79 -> 48.5
A79: Непрограммные расходы главных распорядителей средств бюджета Адашевского сельского поселения Кадошкинского муниципального района Республики Мордовия | B79: 910 | C79: 05 | D79: 03 | E79: 89 | J79: =J81+J84 -> 56.3 | K79: =K81+K84 -> 62.8 | L79: =L81+L84 -> 48.5
A80: Непрограммные расходы в рамках обеспечения деятельности главных распорядителей средств бюджета Адашевского сельского поселения Кадошкинского муниципального района Республики Мордовия | B80: 910 | C80: 05 | D80: 03 | E80: 89 | F80: 1 | J80: =J81+J84 -> 56.3 | K80: =K81+K84 -> 62.8 | L80: =L81+L84 -> 48.5
A81: Уличное освещение | B81: 910 | C81: 05 | D81: 03 | E81: 89 | F81: 1 | G81: 00 | H81: 43010 | J81: =J82 -> 40.5 | K81: =K82 -> 45.7 | L81: =L82 -> 36.4
A82: Закупка товаров, работ и услуг для обеспечения государственных (муниципальных) нужд | B82: 910 | C82: 05 | D82: 03 | E82: 89 | F82: 1 | G82: 00 | H82: 43010 | I82: 200 | J82: =J83 -> 40.5 | K82: =K83 -> 45.7 | L82: =L83 -> 36.4
A83: Иные закупки товаров, работ и услуг для обеспечения государственных (муниципальных) нужд | B83: 910 | C83: 05 | D83: 03 | E83: 89 | F83: 1 | G83: 00 | H83: 43010 | I83: 240 | J83: 40.5 | K83: 45.7 | L83: 36.4
A84: Прочие мероприятия по благоустройству | B84: 910 | C84: 05 | D84: 03 | E84: 89 | F84: 1 | G84: 00 | H84: 43040 | J84: =J85 -> 15.8 | K84: =K85 -> 17.1 | L84: =L85 -> 12.1
A85: Закупка товаров, работ и услуг для обеспечения государственных (муниципальных) нужд | B85: 910 | C85: 05 | D85: 03 | E85: 89 | F85: 1 | G85: 00 | H85: 43040 | I85: 200 | J85: =J86 -> 15.8 | K85: =K86 -> 17.1 | L85: =L86 -> 12.1
A86: Иные закупки товаров, работ и услуг для обеспечения государственных (муниципальных) нужд | B86: 910 | C86: 05 | D86: 03 | E86: 89 | F86: 1 | G86: 00 | H86: 43040 | I86: 240 | J86: 15.8 | K86: 17.1 | L86: 12.1
A87: Социальная политика | B87: 910 | C87: 10 | J87: =J88 -> 66.4 | K87: =K88 -> 69.1 | L87: =L88 -> 71.3
A88: Пенсионное обеспечение | B88: 910 | C88: 10 | D88: 01 | J88: =J89 -> 66.4 | K88: =K89 -> 69.1 | L88: =L89 -> 71.3
A89: Непрограммные расходы главных распорядителей средств бюджета Адашевского сельского поселения Кадошкинского муниципального района Республики Мордовия | B89: 910 | C89: 10 | D89: 01 | E89: 89 | J89: =J90 -> 66.4 | K89: =K90 -> 69.1 | L89: =L90 -> 71.3
A90: Непрограммные расходы в рамках обеспечения деятельности главных распорядителей средств бюджета Адашевского сельского поселения Кадошкинского муниципального района Республики Мордовия | B90: 910 | C90: 10 | D90: 01 | E90: 89 | F90: 1 | J90: =J91 -> 66.4 | K90: =K91 -> 69.1 | L90: =L91 -> 71.3
A91: Доплаты к пенсиям муниципальных служащих Республики Мордовия | B91: 910 | C91: 10 | D91: 01 | E91: 89 | F91: 1 | G91: 00 | H91: 03010 | J91: =J92 -> 66.4 | K91: =K92 -> 69.1 | L91: =L92 -> 71.3
A92: Социальное обеспечение и иные выплаты населению | B92: 910 | C92: 10 | D92: 01 | E92: 89 | F92: 1 | G92: 00 | H92: 03010 | I92: 300 | J92: =J93 -> 66.4 | K92: =K93 -> 69.1 | L92: =L93 -> 71.3
A93: Публичные нормативные социальные выплаты гражданам | B93: 910 | C93: 10 | D93: 01 | E93: 89 | F93: 1 | G93: 00 | H93: 03010 | I93: 310 | J93: 66.4 | K93: 69.1 | L93: 71.3
A94: Обслуживание государственного и муниципального долга | B94: 910 | C94: 13 | J94: =J95 -> 1 | K94: =K95 -> 1 | L94: =L95 -> 1
A95: Обслуживание государственного внутреннего и муниципального долга | B95: 910 | C95: 13 | D95: 01 | J95: =J96 -> 1 | K95: =K96 -> 1 | L95: =L96 -> 1
A96: Непрограммные расходы главных распорядителей средств бюджета Адашевского сельского поселения Кадошкинского муниципального района Республики Мордовия | B96: 910 | C96: 13 | D96: 01 | E96: 89 | J96: =J97 -> 1 | K96: =K97 -> 1 | L96: =L97 -> 1
A97: Непрограммные расходы в рамках обеспечения деятельности главных распорядителей средств бюджета Адашевского сельского поселения Кадошкинского муниципального района Республики Мордовия | B97: 910 | C97: 13 | D97: 01 | E97: 89 | F97: 1 | J97: =J98 -> 1 | K97: =K98 -> 1 | L97: =L98 -> 1
A98: Процентные платежи по муниципальному долгу | B98: 910 | C98: 13 | D98: 01 | E98: 89 | F98: 1 | G98: 00 | H98: 41240 | J98: =J99 -> 1 | K98: =K99 -> 1 | L98: =L99 -> 1
A99: Обслуживание государственного (муниципального) долга | B99: 910 | C99: 13 | D99: 01 | E99: 89 | F99: 1 | G99: 00 | H99: 41240 | I99: 700 | J99: =J100 -> 1 | K99: =K100 -> 1 | L99: =L100 -> 1
A100: Обслуживание муниципального долга | B100: 910 | C100: 13 | D100: 01 | E100: 89 | F100: 1 | G100: 00 | H100: 41240 | I100: 730 | J100: 1 | K100: 1 | L100: 1

Sheet Прил 6
I1: Приложение 6
A3: РАСПРЕДЕЛЕНИЕ БЮДЖЕТНЫХ АССИГНОВАНИЙ БЮДЖЕТА АДАШЕВСКОГО СЕЛЬСКОГО ПОСЕЛЕНИЯ КАДОШКИНСКОГО МУНИЦИПАЛЬНОГО РАЙОНА РЕСПУБЛИКИ МОРДОВИЯ ПО ЦЕЛЕВЫМ СТАТЬЯМ, ГРУППАМ (ГРУППАМ И ПОДГРУППАМ) ВИДОВ РАСХОДОВ КЛАССИФИКАЦИИ РАСХОДОВ БЮДЖЕТОВ, А ТАКЖЕ ПО РАЗДЕЛАМ И ПОДРАЗДЕЛАМ КЛАССИФИКАЦИИ РАСХОДОВ БЮДЖЕТОВ НА 2020 ГОД И НА ПЛАНОВЫЙ ПЕРИОД 2021 И 2022 ГОДОВ
A5: Наименование | B5: ЦСР | F5: ВР | G5: Рз | H5: ПРз | I5: Адм | J5: Сумма (тыс. рублей)
J6: 2020 год | K6: 2021 год | L6: 2022 год
A7: 1 | B7: 2 | C7: 3 | D7: 4 | E7: 5 | F7: 6 | G7: 7 | H7: 8 | I7: 9 | J7: 10 | K7: 11 | L7: 12
A8: ВСЕГО | J8: =J9+J41 -> 772.863 | K8: =K9+K41 -> 817.713 | L8: =L9+L41 -> 768.181
A9: Обеспечение деятельности администрации | B9: 65 | J9: =J10+J17 -> 372.663 | K9: =K10+K17 -> 386.213 | L9: =L10+L17 -> 343.281
A10: Высшее должностное лицо | B10: 65 | C10: 1 | J10: =J11 -> 100 | K10: =K11 -> 146.3 | L10: =L11 -> 115.7
A11: Расходы на выплаты по оплате труда высшего должностного лица муниципального образования | B11: 65 | C11: 1 | D11: 00 | E11: 41150 | J11: =J14 -> 100 | K11: =K14 -> 146.3 | L11: =L14 -> 115.7
A12: Расходы на выплаты персоналу в целях обеспечения выполнения функций государственными (муниципальными) органами, казенными учреждениями, органами управления государственными внебюджетными фондами | B12: 65 | C12: 1 | D12: 00 | E12: 41150 | F12: 100 | J12: =J13 -> 100 | K12: =K13 -> 146.3 | L12: =L13 -> 115.7
A13: Расходы на выплаты персоналу государственных (муниципальных) органов | B13: 65 | C13: 1 | D13: 00 | E13: 41150 | F13: 120 | J13: =J14 -> 100 | K13: =K14 -> 146.3 | L13: =L14 -> 115.7
A14: Общегосударственные вопросы | B14: 65 | C14: 1 | D14: 00 | E14: 41150 | F14: 120 | G14: 01 | J14: =J15 -> 100 | K14: =K15 -> 146.3 | L14: =L15 -> 115.7
A15: Функционирование высшего должностного лица субъекта Российской Федерации и муниципального образования | B15: 65 | C15: 1 | D15: 00 | E15: 41150 | F15: 120 | G15: 01 | H15: 02 | J15: =J16 -> 100 | K15: =K16 -> 146.3 | L15: =L16 -> 115.7
A16: Администрация Адашевского сельского поселения Кадошкинского муниципального района Республики Мордовия | B16: 65 | C16: 1 | D16: 00 | E16: 41150 | F16: 120 | G16: 01 | H16: 02 | I16: 910 | J16: ='Прил 5'!J16 -> 100 | K16: ='Прил 5'!K16 -> 146.3 | L16: ='Прил 5'!L16 -> 115.7
A17: Непрограммные расходы в рамках обеспечения деятельности администрации | B17: 65 | C17: 2 | J17: =J18+J24+J35 -> 272.663 | K17: =K18+K24+K35 -> 239.913 | L17: =L18+L24+L35 -> 227.581
A18: Расходы на выплаты по оплате труда работников органов местного самоуправления | B18: 65 | C18: 2 | D18: 00 | E18: 41110 | J18: =J19 -> 198.7 | K18: =K21 -> 162.8 | L18: =L21 -> 151.3
A19: Расходы на выплаты персоналу в целях обеспечения выполнения функций государственными (муниципальными) органами, казенными учреждениями, органами управления государственными внебюджетными фондами | B19: 65 | C19: 2 | D19: 00 | E19: 41110 | F19: 100 | J19: =J20 -> 198.7 | K19: =K20 -> 162.8 | L19: =L20 -> 151.3
A20: Расходы на выплаты персоналу государственных (муниципальных) органов | B20: 65 | C20: 2 | D20: 00 | E20: 41110 | F20: 120 | J20: =J21 -> 198.7 | K20: =K21 -> 162.8 | L20: =L21 -> 151.3
A21: Общегосударственные вопросы | B21: 65 | C21: 2 | D21: 00 | E21: 41110 | F21: 120 | G21: 01 | J21: =J22 -> 198.7 | K21: =K22 -> 162.8 | L21: =L22 -> 151.3
A22: Функционирование Правительства Российской Федерации, высших органов исполнительной власти субъектов Российской Федерации, местных администраций | B22: 65 | C22: 2 | D22: 00 | E22: 41110 | F22: 120 | G22: 01 | H22: 04 | J22: =J23 -> 198.7 | K22: =K23 -> 162.8 | L22: =L23 -> 151.3
A23: Администрация Адашевского сельского поселения Кадошкинского муниципального района Республики Мордовия | B23: 65 | C23: 2 | D23: 00 | E23: 41110 | F23: 120 | G23: 01 | H23: 04 | I23: 910 | J23: ='Прил 5'!J22 -> 198.7 | K23: ='Прил 5'!K22 -> 162.8 | L23: ='Прил 5'!L22 -> 151.3
A24: Расходы на обеспечение функций органов местного самоуправленя | B24: 65 | C24: 2 | D24: 00 | E24: 41120 | J24: =J27+J30 -> 62.7 | K24: =K27+K30 -> 65.4 | L24: =L27+L30 -> 64.1
A25: Закупка товаров, работ и услуг для обеспечения государственных (муниципальных) нужд | B25: 65 | C25: 2 | D25: 00 | E25: 41120 | F25: 200 | J25: =J26 -> 5.1 | K25: =K26 -> 7.8 | L25: =L26 -> 6.5
A26: Иные закупки товаров, работ и услуг для обеспечения государственных (муниципальных) нужд | B26: 65 | C26: 2 | D26: 00 | E26: 41120 | F26: 240 | J26: =J27 -> 5.1 | K26: =K27 -> 7.8 | L26: =L27 -> 6.5
A27: Общегосударственные вопросы | B27: 65 | C27: 2 | D27: 00 | E27: 41120 | F27: 240 | G27: 01 | J27: =J28 -> 5.1 | K27: =K28 -> 7.8 | L27: =L28 -> 6.5
A28: Функционирование Правительства Российской Федерации, высших органов исполнительной власти субъектов Российской Федерации, местных администраций | B28: 65 | C28: 2 | D28: 00 | E28: 41120 | F28: 240 | G28: 01 | H28: 04 | J28: =J29 -> 5.1 | K28: =K29 -> 7.8 | L28: =L29 -> 6.5
A29: Администрация Адашевского сельского поселения Кадошкинского муниципального района Республики Мордовия | B29: 65 | C29: 2 | D29: 00 | E29: 41120 | F29: 240 | G29: 01 | H29: 04 | I29: 910 | J29: ='Прил 5'!J24 -> 5.1 | K29: ='Прил 5'!K24 -> 7.8 | L29: ='Прил 5'!L24 -> 6.5
A30: Закупка товаров, работ и услуг для обеспечения государственных (муниципальных) нужд | B30: 65 | C30: 2 | D30: 00 | E30: 41120 | F30: 800 | J30: =J31 -> 57.6 | K30: =K31 -> 57.6 | L30: =L31 -> 57.6
A31: Иные закупки товаров, работ и услуг для обеспечения государственных (муниципальных) нужд | B31: 65 | C31: 2 | D31: 00 | E31: 41120 | F31: 850 | J31: =J32 -> 57.6 | K31: =K32 -> 57.6 | L31: =L32 -> 57.6
A32: Общегосударственные вопросы | B32: 65 | C32: 2 | D32: 00 | E32: 41120 | F32: 850 | G32: 01 | J32: =J33 -> 57.6 | K32: =K33 -> 57.6 | L32: =L33 -> 57.6
A33: Функционирование Правительства Российской Федерации, высших органов исполнительной власти субъектов Российской Федерации, местных администраций | B33: 65 | C33: 2 | D33: 00 | E33: 41120 | F33: 850 | G33: 01 | H33: 04 | J33: =J34 -> 57.6 | K33: =K34 -> 57.6 | L33: =L34 -> 57.6
A34: Администрация Адашевского сельского поселения Кадошкинского муниципального района Республики Мордовия | B34: 65 | C34: 2 | D34: 00 | E34: 41120 | F34: 850 | G34: 01 | H34: 04 | I34: 910 | J34: ='Прил 5'!J26 -> 57.6 | K34: ='Прил 5'!K26 -> 57.6 | L34: ='Прил 5'!L26 -> 57.6
A35: Осуществление полномочий по составлению и рассмотрению проекта бюджета поселения, утверждениюи исполнению бюджета поселения, осуществлюнию контроля заего исполнением, составлению и утверждению отчета об исполнении бюджета поселения | B35: 65 | C35: 2 | D35: 00 | E35: 44501 | J35: =J38 -> 11.263 | K35: =K38 -> 11.713 | L35: =L38 -> 12.181
A36: Межбюджетные трансферты | B36: 65 | C36: 2 | D36: 00 | E36: 44501 | F36: 500 | J36: =J37 -> 11.263 | K36: =K37 -> 11.713 | L36: =L37 -> 12.181
A37: Иные межбюджетные трансферты | B37: 65 | C37: 2 | D37: 00 | E37: 44501 | F37: 540 | J37: =J38 -> 11.263 | K37: =K38 -> 11.713 | L37: =L38 -> 12.181
A38: Общегосударственные вопросы | B38: 65 | C38: 2 | D38: 00 | E38: 44501 | F38: 540 | G38: 01 | J38: =J39 -> 11.263 | K38: =K39 -> 11.713 | L38: =L39 -> 12.181
A39: Функционирование Правительства Российской Федерации, высших органов исполнительной власти субъектов Российской Федерации, местных администраций | B39: 65 | C39: 2 | D39: 00 | E39: 44501 | F39: 540 | G39: 01 | H39: 04 | J39: =J40 -> 11.263 | K39: =K40 -> 11.713 | L39: =L40 -> 12.181
A40: Администрация Адашевского сельского поселения Кадошкинского муниципального района Республики Мордовия | B40: 65 | C40: 2 | D40: 00 | E40: 44501 | F40: 540 | G40: 01 | H40: 04 | I40: 910 | J40: ='Прил 5'!J30 -> 11.263 | K40: ='Прил 5'!K30 -> 11.713 | L40: ='Прил 5'!L30 -> 12.181
A41: Непрограммные расходы главных распорядителей средств бюджета Адашевского сельского поселения Кадошкинского муниципального района Республики Мордовия | B41: 89 | J41: =J42 -> 400.2 | K41: =K42 -> 431.5 | L41: =L42 -> 424.9
A42: Непрограммные расходы в рамках обеспечения деятельности главных распорядителей средств бюджета Адашевского сельского поселения Кадошкинского муниципального района Республики Мордовия | B42: 89 | C42: 1 | J42: =J48+J54+J60+J78+J84+J90+J101+J66+J72+J95 -> 400.2 | K42: =K48+K54+K60+K78+K84+K90+K101+K66+K72+K95 -> 431.5 | L42: =L48+L54+L60+L78+L84+L90+L101+L66+L72+L95 -> 424.9
A43: Доплаты к пенсиям муниципальных служащих | B43: 89 | C43: 1 | D43: 00 | E43: 03010 | J43: =J46 -> 66.4 | K43: =K46 -> 69.1 | L43: =L46 -> 71.3
A44: Социальное обеспечение и иные выплаты населению | B44: 89 | C44: 1 | D44: 00 | E44: 03010 | F44: 300 | J44: =J45 -> 66.4 | K44: =K45 -> 69.1 | L44: =L45 -> 71.3
A45: Публичные нормативные социальные выплаты гражданам | B45: 89 | C45: 1 | D45: 00 | E45: 03010 | F45: 310 | J45: =J46 -> 66.4 | K45: =K46 -> 69.1 | L45: =L46 -> 71.3
A46: Социальная политика | B46: 89 | C46: 1 | D46: 00 | E46: 03010 | F46: 310 | G46: 10 | J46: =J47 -> 66.4 | K46: =K47 -> 69.1 | L46: =L47 -> 71.3
A47: Пенсионное обеспечение | B47: 89 | C47: 1 | D47: 00 | E47: 03010 | F47: 310 | G47: 10 | H47: 01 | J47: =J48 -> 66.4 | K47: =K48 -> 69.1 | L47: =L48 -> 71.3
A48: Администрация Адашевского сельского поселения Кадошкинского муниципального района Республики Мордовия | B48: 89 | C48: 1 | D48: 00 | E48: 03010 | F48: 310 | G48: 10 | H48: 01 | I48: 910 | J48: ='Прил 5'!J93 -> 66.4 | K48: ='Прил 5'!K93 -> 69.1 | L48: ='Прил 5'!L93 -> 71.3
A49: Резервный фонд администрации Адашевского сельского поселения Кадошкинского муниципального района Республики Мордовия | B49: 89 | C49: 1 | D49: 00 | E49: 41180 | J49: =J52 -> 1 | K49: =K52 -> 1 | L49: =L52 -> 1
A50: Иные бюджетные ассигнования | B50: 89 | C50: 1 | D50: 00 | E50: 41180 | F50: 800 | J50: =J51 -> 1 | K50: =K51 -> 1 | L50: =L51 -> 1
A51: Резервные средства | B51: 89 | C51: 1 | D51: 00 | E51: 41180 | F51: 870 | J51: =J52 -> 1 | K51: =K52 -> 1 | L51: =L52 -> 1
A52: Общегосударственные вопросы | B52: 89 | C52: 1 | D52: 00 | E52: 41180 | F52: 870 | G52: 01 | J52: =J53 -> 1 | K52: =K53 -> 1 | L52: =L53 -> 1
A53: Резервные фонды | B53: 89 | C53: 1 | D53: 00 | E53: 41180 | F53: 870 | G53: 01 | H53: 11 | J53: =J54 -> 1 | K53: =K54 -> 1 | L53: =L54 -> 1
A54: Администрация Адашевского сельского поселения Кадошкинского муниципального района Республики Мордовия | B54: 89 | C54: 1 | D54: 00 | E54: 41180 | F54: 870 | G54: 01 | H54: 11 | I54: 910 | J54: ='Прил 5'!J41 -> 1 | K54: ='Прил 5'!K41 -> 1 | L54: ='Прил 5'!L41 -> 1
A55: Процентные платежи по муниципальному долгу | B55: 89 | C55: 1 | D55: 00 | E55: 41240 | J55: =J58 -> 1 | K55: =K58 -> 1 | L55: =L58 -> 1
A56: Обслуживание государственного (муниципального) долга | B56: 89 | C56: 1 | D56: 00 | E56: 41240 | F56: 700 | J56: =J57 -> 1 | K56: =K57 -> 1 | L56: =L57 -> 1
A57: Обслуживание муниципального долга | B57: 89 | C57: 1 | D57: 00 | E57: 41240 | F57: 730 | J57: =J58 -> 1 | K57: =K58 -> 1 | L57: =L58 -> 1
A58: Обслуживание государственного и муниципального долга | B58: 89 | C58: 1 | D58: 00 | E58: 41240 | F58: 730 | G58: 13 | J58: =J59 -> 1 | K58: =K59 -> 1 | L58: =L59 -> 1
A59: Обслуживание государственного внутреннего и муниципального долга | B59: 89 | C59: 1 | D59: 00 | E59: 41240 | F59: 730 | G59: 13 | H59: 01 | J59: =J60 -> 1 | K59: =K60 -> 1 | L59: =L60 -> 1
A60: Администрация Адашевского сельского поселения Кадошкинского муниципального района Республики Мордовия | B60: 89 | C60: 1 | D60: 00 | E60: 41240 | F60: 730 | G60: 13 | H60: 01 | I60: 910 | J60: ='Прил 5'!J100 -> 1 | K60: ='Прил 5'!K100 -> 1 | L60: ='Прил 5'!L100 -> 1
A61: Уличное освещение | B61: 89 | C61: 0 | D61: 00 | E61: 43010 | J61: =J64 -> 40.5 | K61: =K64 -> 45.7 | L61: =L64 -> 36.4
A62: Иные закупки товаров, работ и услуг для обеспечения государственных (муниципальных) нужд | B62: 89 | C62: 0 | D62: 00 | E62: 43010 | F62: 200 | J62: =J63 -> 40.5 | K62: =K63 -> 45.7 | L62: =L63 -> 36.4
A63: Прочая закупка товаров, работ и услуг | B63: 89 | C63: 0 | D63: 00 | E63: 43010 | F63: 240 | J63: =J64 -> 40.5 | K63: =K64 -> 45.7 | L63: =L64 -> 36.4
A64: Коммунальное хозяйство | B64: 89 | C64: 0 | D64: 00 | E64: 43010 | F64: 240 | G64: 05 | J64: =J65 -> 40.5 | K64: =K65 -> 45.7 | L64: =L65 -> 36.4
A65: Благоустройство | B65: 89 | C65: 0 | D65: 00 | E65: 43010 | F65: 240 | G65: 05 | H65: 03 | J65: =J66 -> 40.5 | K65: =K66 -> 45.7 | L65: =L66 -> 36.4
A66: Администрация Адашевского сельского поселения Кадошкинского муниципального района Республики Мордовия | B66: 89 | C66: 0 | D66: 00 | E66: 43010 | F66: 240 | G66: 05 | H66: 03 | I66: 910 | J66: ='Прил 5'!J83 -> 40.5 | K66: ='Прил 5'!K83 -> 45.7 | L66: ='Прил 5'!L83 -> 36.4
A67: Прочие мероприятия по благоустройству | B67: 89 | C67: 0 | D67: 00 | E67: 43040 | J67: =J70 -> 15.8 | K67: =K70 -> 17.1 | L67: =L70 -> 12.1
A68: Иные закупки товаров, работ и услуг для обеспечения государственных (муниципальных) нужд | B68: 89 | C68: 0 | D68: 00 | E68: 43040 | F68: 200 | J68: =J69 -> 15.8 | K68: =K69 -> 17.1 | L68: =L69 -> 12.1
A69: Прочая закупка товаров, работ и услуг | B69: 89 | C69: 0 | D69: 00 | E69: 43040 | F69: 240 | J69: =J70 -> 15.8 | K69: =K70 -> 17.1 | L69: =L70 -> 12.1
A70: Коммунальное хозяйство | B70: 89 | C70: 0 | D70: 00 | E70: 43040 | F70: 240 | G70: 05 | J70: =J71 -> 15.8 | K70: =K71 -> 17.1 | L70: =L71 -> 12.1
A71: Благоустройство | B71: 89 | C71: 0 | D71: 00 | E71: 43040 | F71: 240 | G71: 05 | H71: 03 | J71: =J72 -> 15.8 | K71: =K72 -> 17.1 | L71: =L72 -> 12.1
A72: Администрация Адашевского сельского поселения Кадошкинского муниципального района Республики Мордовия | B72: 89 | C72: 0 | D72: 00 | E72: 43040 | F72: 240 | G72: 05 | H72: 03 | I72: 910 | J72: ='Прил 5'!J86 -> 15.8 | K72: ='Прил 5'!K86 -> 17.1 | L72: ='Прил 5'!L86 -> 12.1
A73: Осуществление полномочий по организации в границах поселений электро-, тепло-, газо- и водоснабжения населения, водоотведения в пределах полномочий, установленных законодательством Российской Федерации | B73: 89 | C73: 1 | D73: 00 | E73: 44101 | J73: =J76 -> 0.4 | K73: =K76 -> 0.4 | L73: =L76 -> 0.4
A74: Иные закупки товаров, работ и услуг для обеспечения государственных (муниципальных) нужд | B74: 89 | C74: 1 | D74: 00 | E74: 44101 | F74: 200 | J74: =J75 -> 0.4 | K74: =K75 -> 0.4 | L74: =L75 -> 0.4
A75: Прочая закупка товаров, работ и услуг | B75: 89 | C75: 1 | D75: 00 | E75: 44101 | F75: 240 | J75: =J76 -> 0.4 | K75: =K76 -> 0.4 | L75: =L76 -> 0.4
A76: Жилищно-коммунальное хозяйство | B76: 89 | C76: 1 | D76: 00 | E76: 44101 | F76: 240 | G76: 05 | J76: =J77 -> 0.4 | K76: =K77 -> 0.4 | L76: =L77 -> 0.4
A77: Коммунальное хозяйство | B77: 89 | C77: 1 | D77: 00 | E77: 44101 | F77: 240 | G77: 05 | H77: 02 | J77: =J78 -> 0.4 | K77: =K78 -> 0.4 | L77: =L78 -> 0.4
A78: Администрация Адашевского сельского поселения Кадошкинского муниципального района Республики Мордовия | B78: 89 | C78: 1 | D78: 00 | E78: 44101 | F78: 240 | G78: 05 | H78: 02 | I78: 910 | J78: ='Прил 5'!J77 -> 0.4 | K78: ='Прил 5'!K77 -> 0.4 | L78: ='Прил 5'!L77 -> 0.4
A79: Осуществление полномочий по дорожной деятельности в отношении автомобильных дорог местного значения в границах населенных пунктов поселения и обеспечению безопасности дорожного движения на них | B79: 89 | C79: 1 | D79: 00 | E79: 44102 | J79: =J82 -> 196.3 | K79: =K82 -> 218.3 | L79: =L82 -> 222
A80: Иные закупки товаров, работ и услуг для обеспечения государственных (муниципальных) нужд | B80: 89 | C80: 1 | D80: 00 | E80: 44102 | F80: 200 | J80: =J81 -> 196.3 | K80: =K81 -> 218.3 | L80: =L81 -> 222
A81: Прочая закупка товаров, работ и услуг | B81: 89 | C81: 1 | D81: 00 | E81: 44102 | F81: 240 | J81: =J82 -> 196.3 | K81: =K82 -> 218.3 | L81: =L82 -> 222
A82: Национальная экономика | B82: 89 | C82: 1 | D82: 00 | E82: 44102 | F82: 240 | G82: 04 | J82: =J83 -> 196.3 | K82: =K83 -> 218.3 | L82: =L83 -> 222
A83: Дорожное хозяйство (дорожные фонды) | B83: 89 | C83: 1 | D83: 00 | E83: 44102 | F83: 240 | G83: 04 | H83: 09 | J83: =J84 -> 196.3 | K83: =K84 -> 218.3 | L83: =L84 -> 222
A84: Администрация Адашевского сельского поселения Кадошкинского муниципального района Республики Мордовия | B84: 89 | C84: 1 | D84: 00 | E84: 44102 | F84: 240 | G84: 04 | H84: 09 | I84: 910 | J84: ='Прил 5'!J70 -> 196.3 | K84: ='Прил 5'!K70 -> 218.3 | L84: ='Прил 5'!L70 -> 222
A85: Осуществление первичного воинского учета на территориях, где отсутствуют военные комиссариаты | B85: 89 | C85: 1 | D85: 00 | E85: 51180 | J85: =J88+J91 -> 78.7 | K85: =K88+K91 -> 78.8 | L85: =L88+L91 -> 80.6
A86: Расходы на выплаты персоналу в целях обеспечения выполнения функций государственными (муниципальными) органами, казенными учреждениями, органами управления государственными внебюджетными фондами | B86: 89 | C86: 1 | D86: 00 | E86: 51180 | F86: 100 | J86: =J87 -> 74.8 | K86: =K87 -> 74.8 | L86: =L87 -> 76.6
A87: Расходы на выплаты персоналу государственных (муниципальных) органов | B87: 89 | C87: 1 | D87: 00 | E87: 51180 | F87: 120 | J87: =J88 -> 74.8 | K87: =K88 -> 74.8 | L87: =L88 -> 76.6
A88: Национальная оборона | B88: 89 | C88: 1 | D88: 00 | E88: 51180 | F88: 120 | G88: 02 | J88: =J89 -> 74.8 | K88: =K89 -> 74.8 | L88: =L89 -> 76.6
A89: Мобилизационная и вневойсковая подготовка | B89: 89 | C89: 1 | D89: 00 | E89: 51180 | F89: 120 | G89: 02 | H89: 03 | J89: =J90 -> 74.8 | K89: =K90 -> 74.8 | L89: =L90 -> 76.6
A90: Администрация Адашевского сельского поселения Кадошкинского муниципального района Республики Мордовия | B90: 89 | C90: 1 | D90: 00 | E90: 51180 | F90: 120 | G90: 02 | H90: 03 | I90: 910 | J90: ='Прил 5'!J61 -> 74.8 | K90: ='Прил 5'!K61 -> 74.8 | L90: ='Прил 5'!L61 -> 76.6
A91: Расходы на выплаты персоналу в целях обеспечения выполнения функций государственными (муниципальными) органами, казенными учреждениями, органами управления государственными внебюджетными фондами | B91: 89 | C91: 1 | D91: 00 | E91: 51180 | F91: 200 | J91: =J92 -> 3.9 | K91: =K92 -> 4 | L91: =L92 -> 4
A92: Расходы на выплаты персоналу государственных (муниципальных) органов | B92: 89 | C92: 1 | D92: 00 | E92: 51180 | F92: 240 | J92: =J93 -> 3.9 | K92: =K93 -> 4 | L92: =L93 -> 4
A93: Национальная оборона | B93: 89 | C93: 1 | D93: 00 | E93: 51180 | F93: 240 | G93: 02 | J93: =J94 -> 3.9 | K93: =K94 -> 4 | L93: =L94 -> 4
A94: Мобилизационная и вневойсковая подготовка | B94: 89 | C94: 1 | D94: 00 | E94: 51180 | F94: 240 | G94: 02 | H94: 03 | J94: =J95 -> 3.9 | K94: =K95 -> 4 | L94: =L95 -> 4
A95: Администрация Адашевского сельского поселения Кадошкинского муниципального района Республики Мордовия | B95: 89 | C95: 1 | D95: 00 | E95: 51180 | F95: 240 | G95: 02 | H95: 03 | I95: 910 | J95: ='Прил 5'!J63 -> 3.9 | K95: ='Прил 5'!K63 -> 4 | L95: ='Прил 5'!L63 -> 4
A96: Осуществление государственных полномочий Республики Мордовия по определению перечня должностных лиц, уполномоченных составлять протоколы об административных правонарушениях, предусмотренных Законом Республики Мордовия от 15 июня 2015 года № 38-З "Об административной ответственности на территории Республики Мордовия" | B96: 89 | C96: 1 | D96: 00 | E96: 77150 | J96: =J99 -> 0.1 | K96: =K99 -> 0.1 | L96: =L99 -> 0.1
A97: Иные закупки товаров, работ и услуг для обеспечения государственных (муниципальных) нужд | B97: 89 | C97: 1 | D97: 00 | E97: 77150 | F97: 200 | J97: =J98 -> 0.1 | K97: =K98 -> 0.1 | L97: =L98 -> 0.1
A98: Прочая закупка товаров, работ и услуг | B98: 89 | C98: 1 | D98: 00 | E98: 77150 | F98: 240 | J98: =J99 -> 0.1 | K98: =K99 -> 0.1 | L98: =L99 -> 0.1
A99: Общегосударственные вопросы | B99: 89 | C99: 1 | D99: 00 | E99: 77150 | F99: 240 | G99: 01 | J99: =J100 -> 0.1 | K99: =K100 -> 0.1 | L99: =L100 -> 0.1
A100: Функционирование Правительства Российской Федерации, высших органов исполнительной власти субъектов Российской Федерации, местных администраций | B100: 89 | C100: 1 | D100: 00 | E100: 77150 | F100: 240 | G100: 01 | H100: 04 | J100: =J101 -> 0.1 | K100: =K101 -> 0.1 | L100: =L101 -> 0.1
A101: Администрация Адашевского сельского поселения Кадошкинского муниципального района Республики Мордовия | B101: 89 | C101: 1 | D101: 00 | E101: 77150 | F101: 240 | G101: 01 | H101: 04 | I101: 910 | J101: ='Прил 5'!J33 -> 0.1 | K101: ='Прил 5'!K33 -> 0.1 | L101: ='Прил 5'!L33 -> 0.1

Sheet Прил 7
A1: Приложение 7
A3: РАСПРЕДЕЛЕНИЕ ИНЫХ МЕЖБЮДЖЕТНЫХ ТРАНСФЕРТОВ НА ОСУЩЕСТВЛЕНИЕ ПОЛНОМОЧИЙ ПО ВОПРОСАМ СОСТАВЛЕНИЯ ПРОЕКТА БЮДЖЕТА, УЧЕТА ИСПОЛНЕНИЯ БЮДЖЕТА, ОСУЩЕСТВЛЕНИЯ КОНТРОЛЯ ЗА ЕГО ИСПОЛНЕНИЕМ, СОСТАВЛЕНИЯ ОТЧЕТА ОБ ИСПОЛНЕНИИ БЮДЖЕТА НА 2020 ГОД И НА ПЛАНОВЫЙ ПРЕИОД 2021 И 2022 ГОДОВ
D4: (тыс.руб.)
A5: Наименование | B5: 2020 год | C5: 2021 год | D5: 2022 год
A7: 1 | B7: 2 | C7: 3 | D7: 4
A8: Всего | B8: =B9 -> 11.263 | C8: =C9 -> 11.713 | D8: =D9 -> 12.181
A9: Администрация Кадошкинского муниципального района | B9: 11.263 | C9: 11.713 | D9: 12.181

Sheet Прил 8
D1: Приложение 8
A3: ИСТОЧНИКИ ВНУТРЕННЕГО ФИНАНСИРОВАНИЯ ДЕФИЦИТА БЮДЖЕТА АДАШЕВСКОГО СЕЛЬСКОГО ПОСЕЛЕНИЯ КАДОШКИНСКОГО МУНИЦИПАЛЬНОГО РАЙОНА РЕСПУБЛИКИ МОРДОВИЯ НА 2020 ГОД И НА ПЛАНОВЫЙ ПЕРИОД 2021 И 2022 ГОДОВ
E4: (тыс.руб.)
A5: Код | B5: НАИМЕНОВАНИЕ | C5: 2020 год | D5: 2021 год | E5: 2022 год
A6: 1 | B6: 2 | C6: 3 | D6: 4 | E6: 5
A7: 000 01 00 00 00 00 0000 000 | B7: ИСТОЧНИКИ ВНУТРЕННЕГО ФИНАНСИРОВАНИЯ ДЕФИЦИТОВ БЮДЖЕТОВ | C7: =C8+C15 -> -0.037 | D7: 0 | E7: 0
A8: 000 01 02 00 00 00 0000 000 | B8: Кредиты кредитных организаций в валюте Российской Федерации | C8: =SUM(C9) -> 0 | D8: =SUM(D9) -> 10.4 | E8: =SUM(E9) -> 20.8
A9: 000 01 02 00 00 00 0000 700 | B9: Получение кредитов от кредитных организаций в валюте Российской Федерации | C9: =SUM(C10) -> 0 | D9: =SUM(D10) -> 10.4 | E9: =SUM(E10) -> 20.8
A10: 000 01 02 00 00 10 0000 710 | B10: Получение кредитов от других бюджетов бюджетной системы Российской Федерации бюджетами сельских поселений в валюте Российской Федерации | D10: 10.4 | E10: 20.8
A11: 000 01 03 00 00 00 0000 000 | B11: Бюджетные кредиты от других бюджетов бюджетной системы Российской Федерации | C11: =C12 -> 0 | D11: =D12 -> -10.4 | E11: =E12 -> -20.8
A12: 000 01 03 01 00 00 0000 000 | B12: Бюджетные кредиты от других бюджетов бюджетной системы Российской Федерации в валюте Российской Федерации | C12: =C13 -> 0 | D12: =D13 -> -10.4 | E12: =E13 -> -20.8
A13: 000 01 03 01 00 10 0000 800 | B13: Погашение бюджетных кредитов, полученных от других бюджетов бюджетной системы Российской Федерации в валюте Российской Федерации | C13: =SUM(C14) -> 0 | D13: =SUM(D14) -> -10.4 | E13: =SUM(E14) -> -20.8
A14: 000 01 03 01 00 10 0000 810 | B14: Погашение бюджетами сельских поселений кредитов от других бюджетов бюджетной системы Российской Федерации в валюте Российской Федерации | D14: -10.4 | E14: -20.8
A15: 000 01 05 00 00 00 0000 000 | B15: Изменения остатков средств на счетах по учету средств бюджета | C15: =C18+C19 -> -0.037 | D15: =D18+D19 -> 0.013 | E15: =E18+E19 -> -0.019
A16: 000 01 05 02 00 00 0000 500 | B16: Увеличение прочих остатков средств бюджетов | C16: =SUM(C17) -> -772.9 | D16: =SUM(D17) -> -817.7 | E16: =SUM(E17) -> -768.2
A17: 000 01 05 02 01 00 0000 510 | B17: Увеличение прочих остатков денежных средств бюджетов | C17: =SUM(C18) -> -772.9 | D17: =SUM(D18) -> -817.7 | E17: =SUM(E18) -> -768.2
A18: 000 01 05 02 01 10 0000 510 | B18: Увеличение остатков денежных средств местных бюджетов | C18: =-'Прил 3'!C9 -> -772.9 | D18: =-'Прил 3'!D9 -> -817.7 | E18: =-'Прил 3'!E9 -> -768.2
A19: 000 01 05 02 00 00 0000 600 | B19: Уменьшение прочих остатков средств бюджетов | C19: =SUM(C20) -> 772.863 | D19: =SUM(D20) -> 817.713 | E19: =SUM(E20) -> 768.181
A20: 000 01 05 02 01 00 0000 610 | B20: Уменьшение прочих остатков денежных средств бюджетов | C20: =SUM(C21) -> 772.863 | D20: =SUM(D21) -> 817.713 | E20: =SUM(E21) -> 768.181
A21: 000 01 05 02 01 10 0000 610 | B21: Уменьшение прочих остатков денежных средств местных бюджетов | C21: ='Прил 4 '!I8 -> 772.863 | D21: ='Прил 4 '!J8 -> 817.713 | E21: ='Прил 4 '!K8 -> 768.181
A22: 000 01 00 00 00 00 0000 000 | B22: Итого источников внутреннего финансирования дефицита бюджета Адашевского сельского поселения Кадошкинского муниципального района Республики Мордовия | C22: =C18+C21 -> -0.037 | D22: =D18+D21 -> 0.013 | E22: =E18+E21 -> -0.019
B23: Привлечение средств | D23: 10.4 | E23: 20.8

Sheet Прил 9
D1: Приложение 9
A3: ПРОГРАММА МУНИЦИПАЛЬНЫХ ВНУТРЕННИХ ЗАИМСТВОВАНИЙ АДАШЕВСКОГО СЕЛЬСКОГО ПОСЕЛЕНИЯ КАДОШКИНСКОГО МУНИЦИПАЛЬНОГО РАЙОНА РЕСПУБЛИКИ МОРДОВИЯ НА 2020 ГОД И НА ПЛАНОВЫЙ ПЕРИОД 2021 И 2022 ГОДОВ
E6: (тыс.руб.)
A7: № п/п | B7: ВИДЫ ЗАИМСТВОВАНИЙ | C7: Сумма
C8: 2020 год | D8: 2021 год | E8: 2022 год
A9: 1 | B9: 2 | C9: 3 | D9: 4 | E9: 5
A10: I | B10: Кредиты кредитных организаций в валюте Российской Федерации | C10: =C12 -> 0 | D10: =D12 -> 10.4 | E10: =E12 -> 20.8
B11: в том числе:
A12: 1 | B12: Объем привлечения | D12: 10.4 | E12: 20.8
A13: 2 | B13: Объем средств, напрвляемых на погашение основной суммы долга
A14: II | B14: Бюджетные кредиты от других бюджетов бюджетной системы Российской Федерации | C14: =C17 -> 0 | D14: =D17 -> -10.4 | E14: =E17 -> -20.8
B15: в том числе
A16: 1 | B16: Объем привлечения
A17: 2 | B17: Объем средств, напрвляемых на погашение основной суммы долга | D17: -10.4 | E17: -20.8
B18: ВСЕГО | D18: =D12+D17 -> 0 | E18: =E12+E17 -> 0
